Workbook

Sheet Base
A1: Item | B1: Função | C1: Salário | D1: Valor Total Posto | F1: Submódulo 2.2 - Encargos Previdenciários (GPS), Fundo de Garantia por Tempo de Serviço (FGTS) e outras contribuições.
A2: 1 | B2: Assistente 1 | C2: 3180 | D2: ='1'!C130 -> 6727.25 | F2: RAT/FAP | H2: Decreto 6.042/2007, Lei 10.666/2003 (Apresentar memória de cálculo do RAT/FAP)
A3: 2 | B3: Assistente 2 | C3: 3900 | D3: ='2'!C130 -> 7989.01 | F3: Submódulo 2.3 - Benefícios Mensais e Diários.
A4: 3 | B4: Assistente 3 | C4: 4480 | D4: ='3'!C130 -> 9005.38 | F4: Vale Transporte | G4: 6
A5: 4 | B5: Assistente 4 | C5: 5350 | D5: ='4'!C130 -> 10530.02 | F5: Vale Refeição (Desconto) | G5: 1090
A6: 5 | B6: Analista 1 | C6: 6000 | D6: ='5'!C130 -> 11669.07 | F6: Benefício Social Odontológico
A7: 6 | B7: Analista 2 | C7: 6840 | D7: ='6'!C130 -> 13141.08 | F7: Benefício Social Familiar
A8: 7 | B8: Analista 3 | C8: 7500 | D8: ='7'!C130 -> 14297.67 | F8: Fundo de Qualificação Profissional
A9: 8 | B9: Analista 4 | C9: 9350 | D9: ='8'!C130 -> 16637.25 | F9: Assistência à Saúde
A10: 9 | B10: Motorista | C10: 4350 | D10: ='9'!C130 -> 8777.62 | F10: Seguro de vida
A11: TOTAL | D11: =SUM(D2:D10) -> 98774.35 | F11: Custos dos exames admssional, períodicos e demissionais
F12: Submódulo 4.1 - Substituto nas Ausências Legais
F13: Substituto na cobertura de Ausências Legais | G13: 0.0028 | H13: (1 dia / 30 dias) x (1 dia / 12 meses) x 100 = 0,28%
F14: Substituto na cobertura de Licença Paternidade | G14: =((5/30)/12)*2% -> 0.00027777778 | H14: ((5 dias de ausência/30 impacto sobre o mês)/12 meses do ano)*2% estimativa de ocorrência=0,028%
F15: Substituto na cobertura de Ausência por acidente de trabalho | G15: =((15/30)/12)*8% -> 0.0033333333 | H15: ((15 dias de ausências INSS /30 mês)/12 meses)*8% (estimativa IBGE) = 0,33%
F16: Substituto na cobertura de Ausência por Doença | G16: =(5.96/30)*(1/12) -> 0.016555556 | H16: (5,96 dias/ano IBGE/30 dias) x (1/12 meses) = 1,66%
F17: Substituto na cobertura de Licença Maternidade | G17: =(5/30)*(1/12)*6.24%*4.96% -> 4.2986667e-05 | H17: (5 dias / 30 dias) x (1 / 12 meses) x 6,24% taxa de fecundidade x 4,96% participação masculina = 0,004%
F18: Módulo 6 - Custos Indiretos, Tributos e Lucro
F19: Custos Indiretos
F20: Lucro
F21: C.1. PIS
F22: C.2. COFINS
F23: C.3. ISS | G23: 0.05

Sheet 1
A1: Base
B3: Mão de Obra
B5: Cargo | C5: =Base!B2 -> Assistente 1
B6: Salário | C6: =Base!C2 -> 3180
A9: Módulo 1 - Composição da Remuneração
A11: 1 | B11: Composição da Remuneração | C11: Valor (R$) | D11: Valor (R$) | E11: Fundamentação Legal
A12: A | B12: Salário-Base | D12: =C6 -> 3180 | E12: Salário normativo da categoria de acorodo com a CCT
A13: Total | D13: =SUM(D12:D12) -> 3180
A16: Módulo 2 - Encargos e Benefícios Anuais, Mensais e Diários
A19: Submódulo 2.1 - 13º (décimo terceiro) Salário, Férias e Adicional de Férias
A21: 2.2 | B21: 13º (décimo terceiro) Salário, Férias e Adicional de Férias | C21: Percentual (%) | D21: Valor (R$) | E21: Fundamentação Legal
A22: A | B22: 13º (décimo terceiro) Salário | C22: 0.0833 | D22: =ROUND(D13*C22,2) -> 264.89 | E22: Lei 4090/62 Inciso VIII Art. 7 CF 88
A23: B | B23: Férias e Adicional de Férias | C23: 0.1111 | D23: =ROUND(D13*C23,2) -> 353.3 | E23: Artigo 7, Inciso XVII CF/88 e Súmula 328/TST
A24: SUBTOTAL | C24: =SUM(C22:C23) -> 0.1944 | D24: =SUM(D22:D23) -> 618.19
A25: C | B25: Incidência do submódulo 2.2 sobre o submódulo 2.1 | C25: =(C24*C40) -> 0.0657072 | D25: =ROUND(D24*C25,2) -> 40.62
A26: Total | C26: =SUM(C24:C25) -> 0.2601072 | D26: =SUM(D24:D25) -> 658.81
A29: Submódulo 2.2 - Encargos Previdenciários (GPS), Fundo de Garantia por Tempo de Serviço (FGTS) e outras contribuições.
A31: 2.3 | B31: GPS, FGTS e outras contribuições | C31: Percentual (%) | D31: Valor (R$) | E31: Fundamentação Legal
A32: D | B32: INSS | C32: 0.2 | D32: =ROUND(D13*C32,2) -> 636 | E32: Art. 22, Inciso I, da Lei 8.212/91
A33: E | B33: Salário Educação | C33: 0.025 | D33: =ROUND(D13*C33,2) -> 79.5 | E33: Artigo 3º Inciso I Decreto 87.043/82
A34: F | B34: RAT/FAP | C34: =Base!G2 -> 0 | D34: =ROUND(D13*C34,2) -> 0 | E34: Decreto 6.042/2007, Lei 10.666/2003 (Apresentar memória de cálculo do RAT/FAP)
A35: G | B35: SESC ou SESI | C35: 0.015 | D35: =ROUND(D13*C35,2) -> 47.7 | E35: Artigo 30 da Lei nº 8.036/90
A36: H | B36: SENAI - SENAC | C36: 0.01 | D36: =ROUND(D13*C36,2) -> 31.8 | E36: Decreto-Lei nº 2.318/86
A37: I | B37: SEBRAE | C37: 0.006 | D37: =ROUND(D13*C37,2) -> 19.08 | E37: Lei nº 8.029/90
A38: J | B38: INCRA | C38: 0.002 | D38: =ROUND(D13*C38,2) -> 6.36 | E38: Artigos 1º e 2º do Decreto-Lei nº 1.146/70.
A39: K | B39: FGTS | C39: 0.08 | D39: =ROUND(D13*C39,2) -> 254.4 | E39: Artigo 15 Lei 8036/90 e Art. 7º Inciso III CF/88
A40: Total | C40: =SUM(C32:C39) -> 0.338 | D40: =SUM(D32:D39) -> 1074.84
A43: Submódulo 2.3 - Benefícios Mensais e Diários.
A45: 2.4 | B45: Benefícios Mensais e Diários | C45: Valor (R$) | D45: Valor Total (R$) | E45: Fundamentação Legal
A46: L | B46: Vale Transporte | C46: =Base!G4 -> 6 | D46: =ROUND((C46*2*22)-(D12*0.06),2) -> 73.2 | E46: Lei 7.4118 (Considerar 22 dias)
A47: M | B47: Vale Refeição (Desconto) | C47: =Base!G5 -> 1090 | D47: =ROUND(((C47+(C47/12))*0.8),2) -> 944.67 | E47: Cláusula 13a da CCT (no cálculo já foi considerado o valor do vale nas férias)
A48: N | B48: Benefício Social Odontológico | D48: =Base!G6 -> 0 | E48: Cláusula 15a da CCT
A49: O | B49: Benefício Social Familiar | D49: =Base!G7 -> 0 | E49: Cláusula 16a da CCT
A50: P | B50: Fundo de Qualificação Profissional | D50: =Base!G8 -> 0 | E50: Cláusula 23a da CCT
A51: Q | B51: Assistência à Saúde | D51: =Base!G9 -> 0 | E51: Cláusula 15a da CCT
A52: R | B52: Seguro de vida | D52: =Base!G10 -> 0 | E52: Cláusula 6a, Parágrafo 2º da CCT
A53: S | B53: Custos dos exames admssional, períodicos e demissionais | D53: =Base!G11 -> 0
A54: T | B54: Crédito de PIS/COFINS 9,25% (quando existir para lucro real) | C54: =IF(K116+9.25%,-9.25%,0) -> -0.0925 | D54: =ROUND(C54*(D46+D47+D52+D51),2) -> -94.15
A55: Total | D55: =SUM(D46:D54) -> 923.72
A58: Quadro-Resumo do Módulo 2 - Encargos e Benefícios anuais, mensais e diários
A60: 2 | B60: Encargos e Benefícios Anuais, Mensais e Diários | C60: Percentual (%) | D60: Valor (R$)
A61: 2.1 | B61: 13º (décimo terceiro) Salário, Férias e Adicional de Férias | D61: =D26 -> 658.81
A62: 2.2 | B62: GPS, FGTS e outras contribuições | D62: =D40 -> 1074.84
A63: 2.3 | B63: Benefícios Mensais e Diários | D63: =D55 -> 923.72
A64: Total | D64: =SUM(D61:D63) -> 2657.37
A67: Módulo 3 - Provisão para Rescisão
A69: 3 | B69: Provisão para Rescisão | C69: Percentual (%) | D69: Valor (R$) | E69: Memória de Cálculo
A70: A | B70: Aviso Prévio Indenizado | C70: 0.0833 | D70: =ROUND(C70*$D$13,2) -> 264.89 | E70: 1 (unidade de salário) x (1 (mês não trabalhado) / 12 (meses) x 100% (estatística) = 8,33%
A71: B | B71: Incidência do FGTS sobre o Aviso Prévio Indenizado | C71: 0.08 | D71: =ROUND(D70*C71,2) -> 21.19 | E71: Alíquota FGTS 8%
A72: C | B72: Multa do FGTS e contribuição social sobre o Aviso Prévio Trabalhado e Indenizado | C72: 0.032 | D72: =ROUND(C72*$D$13,2) -> 101.76 | E72: 40 (Multa do FGTS)*8% (Incidência do FGTS) = 3,20%
A73: D | B73: Aviso Prévio Trabalhado | C73: 0.0194 | D73: =ROUND(C73*$D$13,2) -> 61.69 | E73: [(1 (unidade de salário) / 30 (dias do mês)) x 7 (dias da semana)] / 12 (meses do ano) = 1,94%
A74: E | B74: Incidência dos encargos do submódulo 2.2 sobre o Aviso Prévio Trabalhado | C74: =C73*C40 -> 0.0065572 | D74: =ROUND(D73*C74,2) -> 0.4 | E74: Incidência dos encargos sociais sobre o aviso prévio trabalhado
A75: Total | C75: =SUM(C70:C74) -> 0.2212572 | D75: =SUM(D70:D74) -> 449.93
A78: Módulo 4 - Custo de Reposição do Profissional Ausente
A81: Submódulo 4.1 - Substituto nas Ausências Legais
A83: 4.1 | B83: Substituto nas Ausências Legais | C83: Percentual (%) | D83: Valor (R$) | E83: Memória de Cálculo
A84: A | B84: Substituto na cobertura de Férias | C84: =((1+1/3)/12)/12 -> 0.0092592593 | D84: =ROUND(($D$13)*C84,2) -> 29.44 | E84: ((1 remuneração + 1/3 terço constitucional)/12 rateio prov. p/ 12 meses) / 12 corresponde a 1/12 de férias + 1/3 do substituto=0,93%
A85: B | B85: Substituto na cobertura de Ausências Legais | C85: =Base!G13 -> 0.0028 | D85: =ROUND(($D$13)*C85,2) -> 8.9 | E85: (1 dia / 30 dias) x (1 dia / 12 meses) x 100 = 0,28%
A86: C | B86: Substituto na cobertura de Licença Paternidade | C86: =Base!G14 -> 0.00027777778 | D86: =ROUND(($D$13)*C86,2) -> 0.88 | E86: ((5 dias de ausência/30 impacto sobre o mês)/12 meses do ano)*2% estimativa de ocorrência=0,028%
A87: D | B87: Substituto na cobertura de Ausência por acidente de trabalho | C87: =Base!G15 -> 0.0033333333 | D87: =ROUND(($D$13)*C87,2) -> 10.6 | E87: ((15 dias de ausências INSS /30 mês)/12 meses)*8% (estimativa IBGE) = 0,33%
A88: E | B88: Substituto na cobertura de Ausência por Doença | C88: =Base!G16 -> 0.016555556 | D88: =ROUND(($D$13)*C88,2) -> 52.65 | E88: (5,96 dias/ano IBGE/30 dias) x (1/12 meses) = 1,66%
A89: F | B89: Substituto na cobertura de Licença Maternidade | C89: =Base!G17 -> 4.2986667e-05 | D89: =ROUND(($D$13)*C89,2) -> 0.14 | E89: (5 dias / 30 dias) x (1 / 12 meses) x 6,24% taxa de fecundidade x 4,96% participação masculina = 0,004%
A90: Subtotal | C90: =SUM(C84:C88) -> 0.032225926 | D90: =SUM(D84:D88) -> 102.47
A91: G | B91: Incidência do Submódulo 2.2 sobre o Submódulo 4.1 | C91: =C90*C40 -> 0.010892363 | D91: =D90*C91 -> 1.1161404
A92: Total | C92: =SUM(C90:C91) -> 0.043118289 | D92: =SUM(D90:D91) -> 103.58614
A94: Quadro-Resumo do Módulo 4 - Custo de Reposição do Profissional Ausente
A96: 4 | B96: Custo de Reposição do Profissional Ausente | C96: Valor (R$)
A97: 4.1 | B97: Substituto nas Ausências Legais | C97: =D92 -> 103.58614
A98: Total | C98: =C97 -> 103.58614
A101: Módulo 5 - Insumos Diversos
A103: 5 | B103: Insumos Diversos | C103: Valor (R$)
A104: A | B104: - | C104: -
A105: Total | C105: =SUM(C104:C104) -> 0
A108: Módulo 6 - Custos Indiretos, Tributos e Lucro
A110: 6 | B110: Custos Indiretos, Tributos e Lucro | C110: Percentual (%) | D110: Valor (R$)
A111: A | B111: Custos Indiretos | C111: =Base!G19 -> 0 | D111: =ROUND(((C128)*C111),2) -> 0
A112: B | B112: Lucro | C112: =Base!G20 -> 0 | D112: =ROUND(((C128+D111)*C112),2) -> 0
A113: C | B113: Tributos | C113: =SUM(C114:C116) -> 0.05 | D113: =ROUND(SUM(D114:D116),2) -> 336.36
B114: C.1. PIS | C114: =Base!G21 -> 0 | D114: =ROUND(C114*((C128+D111+D112)/(1-C133)),2) -> 0
B115: C.2. COFINS | C115: =Base!G22 -> 0 | D115: =ROUND(C115*((C128+D111+D112)/(1-C133)),2) -> 0
B116: C.3. ISS | C116: =Base!G23 -> 0.05 | D116: =ROUND(C116*((C128+D111+D112)/(1-C133)),2) -> 336.36 | K116: =C114+C115 -> 0
A117: Total | D117: =ROUND(SUM(D111:D113),2) -> 336.36
A120: 2. QUADRO-RESUMO DO CUSTO POR EMPREGADO
B122: Mão de obra vinculada à execução contratual (valor por empregado) | C122: Valor (R$)
A123: A | B123: Módulo 1 - Composição da Remuneração | C123: =D13 -> 3180
A124: B | B124: Módulo 2 - Encargos e Benefícios Anuais, Mensais e Diários | C124: =D64 -> 2657.37
A125: C | B125: Módulo 3 - Provisão para Rescisão | C125: =D75 -> 449.93
A126: D | B126: Módulo 4 - Custo de Reposição do Profissional Ausente | C126: =C98 -> 103.58614
A127: E | B127: Módulo 5 - Insumos Diversos | C127: =C105 -> 0
A128: Subtotal (A + B +C+ D+E) | C128: =ROUND(C123+C124+C125+C126+C127,2) -> 6390.89
A129: F | B129: Módulo 6 – Custos Indiretos, Tributos e Lucro | C129: =D117 -> 336.36
A130: Valor Total por Empregado | C130: =ROUND(C128+C129,2) -> 6727.25
A133: a) Tributos | C133: =C113 -> 0.05
A134: b) Total dos Módulos 1,2,3,4,5+Custos indiretos+lucro) | C134: =D13+D64+D75+C98+C105+D111+D112 -> 6390.8861
A135: C)Po/(1-TO)=P1 | C135: =TRUNC(C134/(1-C133),2) -> 6727.24
A136: Valor dos Tributos = P1-Po | C136: =C135-C134 -> 336.35386

Sheet 2
A1: Base
B3: Mão de Obra
B5: Cargo | C5: =Base!B3 -> Assistente 2
B6: Salário | C6: =Base!C3 -> 3900
A9: Módulo 1 - Composição da Remuneração
A11: 1 | B11: Composição da Remuneração | C11: Valor (R$) | D11: Valor (R$) | E11: Fundamentação Legal
A12: A | B12: Salário-Base | D12: =C6 -> 3900 | E12: Salário normativo da categoria de acorodo com a CCT
A13: Total | D13: =SUM(D12:D12) -> 3900
A16: Módulo 2 - Encargos e Benefícios Anuais, Mensais e Diários
A19: Submódulo 2.1 - 13º (décimo terceiro) Salário, Férias e Adicional de Férias
A21: 2.2 | B21: 13º (décimo terceiro) Salário, Férias e Adicional de Férias | C21: Percentual (%) | D21: Valor (R$) | E21: Fundamentação Legal
A22: A | B22: 13º (décimo terceiro) Salário | C22: 0.0833 | D22: =ROUND(D13*C22,2) -> 324.87 | E22: Lei 4090/62 Inciso VIII Art. 7 CF 88
A23: B | B23: Férias e Adicional de Férias | C23: 0.1111 | D23: =ROUND(D13*C23,2) -> 433.29 | E23: Artigo 7, Inciso XVII CF/88 e Súmula 328/TST
A24: SUBTOTAL | C24: =SUM(C22:C23) -> 0.1944 | D24: =SUM(D22:D23) -> 758.16
A25: C | B25: Incidência do submódulo 2.2 sobre o submódulo 2.1 | C25: =(C24*C40) -> 0.0657072 | D25: =ROUND(D24*C25,2) -> 49.82
A26: Total | C26: =SUM(C24:C25) -> 0.2601072 | D26: =SUM(D24:D25) -> 807.98
A29: Submódulo 2.2 - Encargos Previdenciários (GPS), Fundo de Garantia por Tempo de Serviço (FGTS) e outras contribuições.
A31: 2.3 | B31: GPS, FGTS e outras contribuições | C31: Percentual (%) | D31: Valor (R$) | E31: Fundamentação Legal
A32: D | B32: INSS | C32: 0.2 | D32: =ROUND(D13*C32,2) -> 780 | E32: Art. 22, Inciso I, da Lei 8.212/91
A33: E | B33: Salário Educação | C33: 0.025 | D33: =ROUND(D13*C33,2) -> 97.5 | E33: Artigo 3º Inciso I Decreto 87.043/82
A34: F | B34: RAT/FAP | C34: =Base!G2 -> 0 | D34: =ROUND(D13*C34,2) -> 0 | E34: Decreto 6.042/2007, Lei 10.666/2003 (Apresentar memória de cálculo do RAT/FAP)
A35: G | B35: SESC ou SESI | C35: 0.015 | D35: =ROUND(D13*C35,2) -> 58.5 | E35: Artigo 30 da Lei nº 8.036/90
A36: H | B36: SENAI - SENAC | C36: 0.01 | D36: =ROUND(D13*C36,2) -> 39 | E36: Decreto-Lei nº 2.318/86
A37: I | B37: SEBRAE | C37: 0.006 | D37: =ROUND(D13*C37,2) -> 23.4 | E37: Lei nº 8.029/90
A38: J | B38: INCRA | C38: 0.002 | D38: =ROUND(D13*C38,2) -> 7.8 | E38: Artigos 1º e 2º do Decreto-Lei nº 1.146/70.
A39: K | B39: FGTS | C39: 0.08 | D39: =ROUND(D13*C39,2) -> 312 | E39: Artigo 15 Lei 8036/90 e Art. 7º Inciso III CF/88
A40: Total | C40: =SUM(C32:C39) -> 0.338 | D40: =SUM(D32:D39) -> 1318.2
A43: Submódulo 2.3 - Benefícios Mensais e Diários.
A45: 2.4 | B45: Benefícios Mensais e Diários | C45: Valor (R$) | D45: Valor Total (R$) | E45: Fundamentação Legal
A46: L | B46: Vale Transporte | C46: =Base!G4 -> 6 | D46: =ROUND((C46*2*22)-(D12*0.06),2) -> 30 | E46: Lei 7.4118 (Considerar 22 dias)
A47: M | B47: Vale Refeição (Desconto) | C47: =Base!G5 -> 1090 | D47: =ROUND(((C47+(C47/12))*0.8),2) -> 944.67 | E47: Cláusula 13a da CCT (no cálculo já foi considerado o valor do vale nas férias)
A48: N | B48: Benefício Social Odontológico | D48: =Base!G6 -> 0 | E48: Cláusula 15a da CCT
A49: O | B49: Benefício Social Familiar | D49: =Base!G7 -> 0 | E49: Cláusula 16a da CCT
A50: P | B50: Fundo de Qualificação Profissional | D50: =Base!G8 -> 0 | E50: Cláusula 23a da CCT
A51: Q | B51: Assistência à Saúde | D51: =Base!G9 -> 0 | E51: Cláusula 15a da CCT
A52: R | B52: Seguro de vida | D52: =Base!G10 -> 0 | E52: Cláusula 6a, Parágrafo 2º da CCT
A53: S | B53: Custos dos exames admssional, períodicos e demissionais | D53: =Base!G11 -> 0
A54: T | B54: Crédito de PIS/COFINS 9,25% (quando existir para lucro real) | C54: =IF(K116+9.25%,-9.25%,0) -> -0.0925 | D54: =ROUND(C54*(D46+D47+D52+D51),2) -> -90.16
A55: Total | D55: =SUM(D46:D54) -> 884.51
A58: Quadro-Resumo do Módulo 2 - Encargos e Benefícios anuais, mensais e diários
A60: 2 | B60: Encargos e Benefícios Anuais, Mensais e Diários | C60: Percentual (%) | D60: Valor (R$)
A61: 2.1 | B61: 13º (décimo terceiro) Salário, Férias e Adicional de Férias | D61: =D26 -> 807.98
A62: 2.2 | B62: GPS, FGTS e outras contribuições | D62: =D40 -> 1318.2
A63: 2.3 | B63: Benefícios Mensais e Diários | D63: =D55 -> 884.51
A64: Total | D64: =SUM(D61:D63) -> 3010.69
A67: Módulo 3 - Provisão para Rescisão
A69: 3 | B69: Provisão para Rescisão | C69: Percentual (%) | D69: Valor (R$) | E69: Memória de Cálculo
A70: A | B70: Aviso Prévio Indenizado | C70: 0.0833 | D70: =ROUND(C70*$D$13,2) -> 324.87 | E70: 1 (unidade de salário) x (1 (mês não trabalhado) / 12 (meses) x 100% (estatística) = 8,33%
A71: B | B71: Incidência do FGTS sobre o Aviso Prévio Indenizado | C71: 0.08 | D71: =ROUND(D70*C71,2) -> 25.99 | E71: Alíquota FGTS 8%
A72: C | B72: Multa do FGTS e contribuição social sobre o Aviso Prévio Trabalhado e Indenizado | C72: 0.032 | D72: =ROUND(C72*$D$13,2) -> 124.8 | E72: 40 (Multa do FGTS)*8% (Incidência do FGTS) = 3,20%
A73: D | B73: Aviso Prévio Trabalhado | C73: 0.0194 | D73: =ROUND(C73*$D$13,2) -> 75.66 | E73: [(1 (unidade de salário) / 30 (dias do mês)) x 7 (dias da semana)] / 12 (meses do ano) = 1,94%
A74: E | B74: Incidência dos encargos do submódulo 2.2 sobre o Aviso Prévio Trabalhado | C74: =C73*C40 -> 0.0065572 | D74: =ROUND(D73*C74,2) -> 0.5 | E74: Incidência dos encargos sociais sobre o aviso prévio trabalhado
A75: Total | C75: =SUM(C70:C74) -> 0.2212572 | D75: =SUM(D70:D74) -> 551.82
A78: Módulo 4 - Custo de Reposição do Profissional Ausente
A81: Submódulo 4.1 - Substituto nas Ausências Legais
A83: 4.1 | B83: Substituto nas Ausências Legais | C83: Percentual (%) | D83: Valor (R$) | E83: Memória de Cálculo
A84: A | B84: Substituto na cobertura de Férias | C84: =((1+1/3)/12)/12 -> 0.0092592593 | D84: =ROUND(($D$13)*C84,2) -> 36.11 | E84: ((1 remuneração + 1/3 terço constitucional)/12 rateio prov. p/ 12 meses) / 12 corresponde a 1/12 de férias + 1/3 do substituto=0,93%
A85: B | B85: Substituto na cobertura de Ausências Legais | C85: =Base!G13 -> 0.0028 | D85: =ROUND(($D$13)*C85,2) -> 10.92 | E85: (1 dia / 30 dias) x (1 dia / 12 meses) x 100 = 0,28%
A86: C | B86: Substituto na cobertura de Licença Paternidade | C86: =Base!G14 -> 0.00027777778 | D86: =ROUND(($D$13)*C86,2) -> 1.08 | E86: ((5 dias de ausência/30 impacto sobre o mês)/12 meses do ano)*2% estimativa de ocorrência=0,028%
A87: D | B87: Substituto na cobertura de Ausência por acidente de trabalho | C87: =Base!G15 -> 0.0033333333 | D87: =ROUND(($D$13)*C87,2) -> 13 | E87: ((15 dias de ausências INSS /30 mês)/12 meses)*8% (estimativa IBGE) = 0,33%
A88: E | B88: Substituto na cobertura de Ausência por Doença | C88: =Base!G16 -> 0.016555556 | D88: =ROUND(($D$13)*C88,2) -> 64.57 | E88: (5,96 dias/ano IBGE/30 dias) x (1/12 meses) = 1,66%
A89: F | B89: Substituto na cobertura de Licença Maternidade | C89: =Base!G17 -> 4.2986667e-05 | D89: =ROUND(($D$13)*C89,2) -> 0.17 | E89: (5 dias / 30 dias) x (1 / 12 meses) x 6,24% taxa de fecundidade x 4,96% participação masculina = 0,004%
A90: Subtotal | C90: =SUM(C84:C88) -> 0.032225926 | D90: =SUM(D84:D88) -> 125.68
A91: G | B91: Incidência do Submódulo 2.2 sobre o Submódulo 4.1 | C91: =C90*C40 -> 0.010892363 | D91: =D90*C91 -> 1.3689522
A92: Total | C92: =SUM(C90:C91) -> 0.043118289 | D92: =SUM(D90:D91) -> 127.04895
A94: Quadro-Resumo do Módulo 4 - Custo de Reposição do Profissional Ausente
A96: 4 | B96: Custo de Reposição do Profissional Ausente | C96: Valor (R$)
A97: 4.1 | B97: Substituto nas Ausências Legais | C97: =D92 -> 127.04895
A98: Total | C98: =C97 -> 127.04895
A101: Módulo 5 - Insumos Diversos
A103: 5 | B103: Insumos Diversos | C103: Valor (R$)
A104: A | B104: - | C104: -
A105: Total | C105: =SUM(C104:C104) -> 0
A108: Módulo 6 - Custos Indiretos, Tributos e Lucro
A110: 6 | B110: Custos Indiretos, Tributos e Lucro | C110: Percentual (%) | D110: Valor (R$)
A111: A | B111: Custos Indiretos | C111: =Base!G19 -> 0 | D111: =ROUND(((C128)*C111),2) -> 0
A112: B | B112: Lucro | C112: =Base!G20 -> 0 | D112: =ROUND(((C128+D111)*C112),2) -> 0
A113: C | B113: Tributos | C113: =SUM(C114:C116) -> 0.05 | D113: =ROUND(SUM(D114:D116),2) -> 399.45
B114: C.1. PIS | C114: =Base!G21 -> 0 | D114: =ROUND(C114*((C128+D111+D112)/(1-C133)),2) -> 0
B115: C.2. COFINS | C115: =Base!G22 -> 0 | D115: =ROUND(C115*((C128+D111+D112)/(1-C133)),2) -> 0
B116: C.3. ISS | C116: =Base!G23 -> 0.05 | D116: =ROUND(C116*((C128+D111+D112)/(1-C133)),2) -> 399.45 | K116: =C115+C114 -> 0
A117: Total | D117: =ROUND(SUM(D111:D113),2) -> 399.45
A120: 2. QUADRO-RESUMO DO CUSTO POR EMPREGADO
B122: Mão de obra vinculada à execução contratual (valor por empregado) | C122: Valor (R$)
A123: A | B123: Módulo 1 - Composição da Remuneração | C123: =D13 -> 3900
A124: B | B124: Módulo 2 - Encargos e Benefícios Anuais, Mensais e Diários | C124: =D64 -> 3010.69
A125: C | B125: Módulo 3 - Provisão para Rescisão | C125: =D75 -> 551.82
A126: D | B126: Módulo 4 - Custo de Reposição do Profissional Ausente | C126: =C98 -> 127.04895
A127: E | B127: Módulo 5 - Insumos Diversos | C127: =C105 -> 0
A128: Subtotal (A + B +C+ D+E) | C128: =ROUND(C123+C124+C125+C126+C127,2) -> 7589.56
A129: F | B129: Módulo 6 – Custos Indiretos, Tributos e Lucro | C129: =D117 -> 399.45
A130: Valor Total por Empregado | C130: =ROUND(C128+C129,2) -> 7989.01
A133: a) Tributos | C133: =C113 -> 0.05
A134: b) Total dos Módulos 1,2,3,4,5+Custos indiretos+lucro) | C134: =D13+D64+D75+C98+C105+D111+D112 -> 7589.559
A135: C)Po/(1-TO)=P1 | C135: =TRUNC(C134/(1-C133),2) -> 7989
A136: Valor dos Tributos = P1-Po | C136: =C135-C134 -> 399.44105

Sheet 3
A1: Base
B3: Mão de Obra
B5: Cargo | C5: =Base!B4 -> Assistente 3
B6: Salário | C6: =Base!C4 -> 4480
A9: Módulo 1 - Composição da Remuneração
A11: 1 | B11: Composição da Remuneração | C11: Valor (R$) | D11: Valor (R$) | E11: Fundamentação Legal
A12: A | B12: Salário-Base | D12: =C6 -> 4480 | E12: Salário normativo da categoria de acorodo com a CCT
A13: Total | D13: =SUM(D12:D12) -> 4480
A16: Módulo 2 - Encargos e Benefícios Anuais, Mensais e Diários
A19: Submódulo 2.1 - 13º (décimo terceiro) Salário, Férias e Adicional de Férias
A21: 2.2 | B21: 13º (décimo terceiro) Salário, Férias e Adicional de Férias | C21: Percentual (%) | D21: Valor (R$) | E21: Fundamentação Legal
A22: A | B22: 13º (décimo terceiro) Salário | C22: 0.0833 | D22: =ROUND(D13*C22,2) -> 373.18 | E22: Lei 4090/62 Inciso VIII Art. 7 CF 88
A23: B | B23: Férias e Adicional de Férias | C23: 0.1111 | D23: =ROUND(D13*C23,2) -> 497.73 | E23: Artigo 7, Inciso XVII CF/88 e Súmula 328/TST
A24: SUBTOTAL | C24: =SUM(C22:C23) -> 0.1944 | D24: =SUM(D22:D23) -> 870.91
A25: C | B25: Incidência do submódulo 2.2 sobre o submódulo 2.1 | C25: =(C24*C40) -> 0.0657072 | D25: =ROUND(D24*C25,2) -> 57.23
A26: Total | C26: =SUM(C24:C25) -> 0.2601072 | D26: =SUM(D24:D25) -> 928.14
A29: Submódulo 2.2 - Encargos Previdenciários (GPS), Fundo de Garantia por Tempo de Serviço (FGTS) e outras contribuições.
A31: 2.3 | B31: GPS, FGTS e outras contribuições | C31: Percentual (%) | D31: Valor (R$) | E31: Fundamentação Legal
A32: D | B32: INSS | C32: 0.2 | D32: =ROUND(D13*C32,2) -> 896 | E32: Art. 22, Inciso I, da Lei 8.212/91
A33: E | B33: Salário Educação | C33: 0.025 | D33: =ROUND(D13*C33,2) -> 112 | E33: Artigo 3º Inciso I Decreto 87.043/82
A34: F | B34: RAT/FAP | C34: =Base!G2 -> 0 | D34: =ROUND(D13*C34,2) -> 0 | E34: Decreto 6.042/2007, Lei 10.666/2003 (Apresentar memória de cálculo do RAT/FAP)
A35: G | B35: SESC ou SESI | C35: 0.015 | D35: =ROUND(D13*C35,2) -> 67.2 | E35: Artigo 30 da Lei nº 8.036/90
A36: H | B36: SENAI - SENAC | C36: 0.01 | D36: =ROUND(D13*C36,2) -> 44.8 | E36: Decreto-Lei nº 2.318/86
A37: I | B37: SEBRAE | C37: 0.006 | D37: =ROUND(D13*C37,2) -> 26.88 | E37: Lei nº 8.029/90
A38: J | B38: INCRA | C38: 0.002 | D38: =ROUND(D13*C38,2) -> 8.96 | E38: Artigos 1º e 2º do Decreto-Lei nº 1.146/70.
A39: K | B39: FGTS | C39: 0.08 | D39: =ROUND(D13*C39,2) -> 358.4 | E39: Artigo 15 Lei 8036/90 e Art. 7º Inciso III CF/88
A40: Total | C40: =SUM(C32:C39) -> 0.338 | D40: =SUM(D32:D39) -> 1514.24
A43: Submódulo 2.3 - Benefícios Mensais e Diários.
A45: 2.4 | B45: Benefícios Mensais e Diários | C45: Valor (R$) | D45: Valor Total (R$) | E45: Fundamentação Legal
A46: L | B46: Vale Transporte | C46: =Base!G4 -> 6 | D46: =ROUND((C46*2*22)-(D12*0.06),2) -> -4.8 | E46: Lei 7.4118 (Considerar 22 dias)
A47: M | B47: Vale Refeição (Desconto) | C47: =Base!G5 -> 1090 | D47: =ROUND(((C47+(C47/12))*0.8),2) -> 944.67 | E47: Cláusula 13a da CCT (no cálculo já foi considerado o valor do vale nas férias)
A48: N | B48: Benefício Social Odontológico | D48: =Base!G6 -> 0 | E48: Cláusula 15a da CCT
A49: O | B49: Benefício Social Familiar | D49: =Base!G7 -> 0 | E49: Cláusula 16a da CCT
A50: P | B50: Fundo de Qualificação Profissional | D50: =Base!G8 -> 0 | E50: Cláusula 23a da CCT
A51: Q | B51: Assistência à Saúde | D51: =Base!G9 -> 0 | E51: Cláusula 15a da CCT
A52: R | B52: Seguro de vida | D52: =Base!G10 -> 0 | E52: Cláusula 6a, Parágrafo 2º da CCT
A53: S | B53: Custos dos exames admssional, períodicos e demissionais | D53: =Base!G11 -> 0
A54: T | B54: Crédito de PIS/COFINS 9,25% (quando existir para lucro real) | C54: =IF(K116+9.25%,-9.25%,0) -> -0.0925 | D54: =ROUND(C54*(D46+D47+D52+D51),2) -> -86.94
A55: Total | D55: =SUM(D46:D54) -> 852.93
A58: Quadro-Resumo do Módulo 2 - Encargos e Benefícios anuais, mensais e diários
A60: 2 | B60: Encargos e Benefícios Anuais, Mensais e Diários | C60: Percentual (%) | D60: Valor (R$)
A61: 2.1 | B61: 13º (décimo terceiro) Salário, Férias e Adicional de Férias | D61: =D26 -> 928.14
A62: 2.2 | B62: GPS, FGTS e outras contribuições | D62: =D40 -> 1514.24
A63: 2.3 | B63: Benefícios Mensais e Diários | D63: =D55 -> 852.93
A64: Total | D64: =SUM(D61:D63) -> 3295.31
A67: Módulo 3 - Provisão para Rescisão
A69: 3 | B69: Provisão para Rescisão | C69: Percentual (%) | D69: Valor (R$) | E69: Memória de Cálculo
A70: A | B70: Aviso Prévio Indenizado | C70: 0.0833 | D70: =ROUND(C70*$D$13,2) -> 373.18 | E70: 1 (unidade de salário) x (1 (mês não trabalhado) / 12 (meses) x 100% (estatística) = 8,33%
A71: B | B71: Incidência do FGTS sobre o Aviso Prévio Indenizado | C71: 0.08 | D71: =ROUND(D70*C71,2) -> 29.85 | E71: Alíquota FGTS 8%
A72: C | B72: Multa do FGTS e contribuição social sobre o Aviso Prévio Trabalhado e Indenizado | C72: 0.032 | D72: =ROUND(C72*$D$13,2) -> 143.36 | E72: 40 (Multa do FGTS)*8% (Incidência do FGTS) = 3,20%
A73: D | B73: Aviso Prévio Trabalhado | C73: 0.0194 | D73: =ROUND(C73*$D$13,2) -> 86.91 | E73: [(1 (unidade de salário) / 30 (dias do mês)) x 7 (dias da semana)] / 12 (meses do ano) = 1,94%
A74: E | B74: Incidência dos encargos do submódulo 2.2 sobre o Aviso Prévio Trabalhado | C74: =C73*C40 -> 0.0065572 | D74: =ROUND(D73*C74,2) -> 0.57 | E74: Incidência dos encargos sociais sobre o aviso prévio trabalhado
A75: Total | C75: =SUM(C70:C74) -> 0.2212572 | D75: =SUM(D70:D74) -> 633.87
A78: Módulo 4 - Custo de Reposição do Profissional Ausente
A81: Submódulo 4.1 - Substituto nas Ausências Legais
A83: 4.1 | B83: Substituto nas Ausências Legais | C83: Percentual (%) | D83: Valor (R$) | E83: Memória de Cálculo
A84: A | B84: Substituto na cobertura de Férias | C84: =((1+1/3)/12)/12 -> 0.0092592593 | D84: =ROUND(($D$13)*C84,2) -> 41.48 | E84: ((1 remuneração + 1/3 terço constitucional)/12 rateio prov. p/ 12 meses) / 12 corresponde a 1/12 de férias + 1/3 do substituto=0,93%
A85: B | B85: Substituto na cobertura de Ausências Legais | C85: =Base!G13 -> 0.0028 | D85: =ROUND(($D$13)*C85,2) -> 12.54 | E85: (1 dia / 30 dias) x (1 dia / 12 meses) x 100 = 0,28%
A86: C | B86: Substituto na cobertura de Licença Paternidade | C86: =Base!G14 -> 0.00027777778 | D86: =ROUND(($D$13)*C86,2) -> 1.24 | E86: ((5 dias de ausência/30 impacto sobre o mês)/12 meses do ano)*2% estimativa de ocorrência=0,028%
A87: D | B87: Substituto na cobertura de Ausência por acidente de trabalho | C87: =Base!G15 -> 0.0033333333 | D87: =ROUND(($D$13)*C87,2) -> 14.93 | E87: ((15 dias de ausências INSS /30 mês)/12 meses)*8% (estimativa IBGE) = 0,33%
A88: E | B88: Substituto na cobertura de Ausência por Doença | C88: =Base!G16 -> 0.016555556 | D88: =ROUND(($D$13)*C88,2) -> 74.17 | E88: (5,96 dias/ano IBGE/30 dias) x (1/12 meses) = 1,66%
A89: F | B89: Substituto na cobertura de Licença Maternidade | C89: =Base!G17 -> 4.2986667e-05 | D89: =ROUND(($D$13)*C89,2) -> 0.19 | E89: (5 dias / 30 dias) x (1 / 12 meses) x 6,24% taxa de fecundidade x 4,96% participação masculina = 0,004%
A90: Subtotal | C90: =SUM(C84:C88) -> 0.032225926 | D90: =SUM(D84:D88) -> 144.36
A91: G | B91: Incidência do Submódulo 2.2 sobre o Submódulo 4.1 | C91: =C90*C40 -> 0.010892363 | D91: =D90*C91 -> 1.5724215
A92: Total | C92: =SUM(C90:C91) -> 0.043118289 | D92: =SUM(D90:D91) -> 145.93242
A94: Quadro-Resumo do Módulo 4 - Custo de Reposição do Profissional Ausente
A96: 4 | B96: Custo de Reposição do Profissional Ausente | C96: Valor (R$)
A97: 4.1 | B97: Substituto nas Ausências Legais | C97: =D92 -> 145.93242
A98: Total | C98: =C97 -> 145.93242
A101: Módulo 5 - Insumos Diversos
A103: 5 | B103: Insumos Diversos | C103: Valor (R$)
A104: A | B104: - | C104: -
A105: Total | C105: =SUM(C104:C104) -> 0
A108: Módulo 6 - Custos Indiretos, Tributos e Lucro
A110: 6 | B110: Custos Indiretos, Tributos e Lucro | C110: Percentual (%) | D110: Valor (R$)
A111: A | B111: Custos Indiretos | C111: =Base!G19 -> 0 | D111: =ROUND(((C128)*C111),2) -> 0
A112: B | B112: Lucro | C112: =Base!G20 -> 0 | D112: =ROUND(((C128+D111)*C112),2) -> 0
A113: C | B113: Tributos | C113: =SUM(C114:C116) -> 0.05 | D113: =ROUND(SUM(D114:D116),2) -> 450.27
B114: C.1. PIS | C114: =Base!G21 -> 0 | D114: =ROUND(C114*((C128+D111+D112)/(1-C133)),2) -> 0
B115: C.2. COFINS | C115: =Base!G22 -> 0 | D115: =ROUND(C115*((C128+D111+D112)/(1-C133)),2) -> 0
B116: C.3. ISS | C116: =Base!G23 -> 0.05 | D116: =ROUND(C116*((C128+D111+D112)/(1-C133)),2) -> 450.27 | K116: =C114+C115 -> 0
A117: Total | D117: =ROUND(SUM(D111:D113),2) -> 450.27
A120: 2. QUADRO-RESUMO DO CUSTO POR EMPREGADO
B122: Mão de obra vinculada à execução contratual (valor por empregado) | C122: Valor (R$)
A123: A | B123: Módulo 1 - Composição da Remuneração | C123: =D13 -> 4480
A124: B | B124: Módulo 2 - Encargos e Benefícios Anuais, Mensais e Diários | C124: =D64 -> 3295.31
A125: C | B125: Módulo 3 - Provisão para Rescisão | C125: =D75 -> 633.87
A126: D | B126: Módulo 4 - Custo de Reposição do Profissional Ausente | C126: =C98 -> 145.93242
A127: E | B127: Módulo 5 - Insumos Diversos | C127: =C105 -> 0
A128: Subtotal (A + B +C+ D+E) | C128: =ROUND(C123+C124+C125+C126+C127,2) -> 8555.11
A129: F | B129: Módulo 6 – Custos Indiretos, Tributos e Lucro | C129: =D117 -> 450.27
A130: Valor Total por Empregado | C130: =ROUND(C128+C129,2) -> 9005.38
A133: a) Tributos | C133: =C113 -> 0.05
A134: b) Total dos Módulos 1,2,3,4,5+Custos indiretos+lucro) | C134: =D13+D64+D75+C98+C105+D111+D112 -> 8555.1124
A135: C)Po/(1-TO)=P1 | C135: =TRUNC(C134/(1-C133),2) -> 9005.38
A136: Valor dos Tributos = P1-Po | C136: =C135-C134 -> 450.26758

Sheet 4
A1: Base
B3: Mão de Obra
B5: Cargo | C5: =Base!B5 -> Assistente 4
B6: Salário | C6: =Base!C5 -> 5350
A9: Módulo 1 - Composição da Remuneração
A11: 1 | B11: Composição da Remuneração | C11: Valor (R$) | D11: Valor (R$) | E11: Fundamentação Legal
A12: A | B12: Salário-Base | D12: =C6 -> 5350 | E12: Salário normativo da categoria de acorodo com a CCT
A13: Total | D13: =SUM(D12:D12) -> 5350
A16: Módulo 2 - Encargos e Benefícios Anuais, Mensais e Diários
A19: Submódulo 2.1 - 13º (décimo terceiro) Salário, Férias e Adicional de Férias
A21: 2.2 | B21: 13º (décimo terceiro) Salário, Férias e Adicional de Férias | C21: Percentual (%) | D21: Valor (R$) | E21: Fundamentação Legal
A22: A | B22: 13º (décimo terceiro) Salário | C22: 0.0833 | D22: =ROUND(D13*C22,2) -> 445.66 | E22: Lei 4090/62 Inciso VIII Art. 7 CF 88
A23: B | B23: Férias e Adicional de Férias | C23: 0.1111 | D23: =ROUND(D13*C23,2) -> 594.39 | E23: Artigo 7, Inciso XVII CF/88 e Súmula 328/TST
A24: SUBTOTAL | C24: =SUM(C22:C23) -> 0.1944 | D24: =SUM(D22:D23) -> 1040.05
A25: C | B25: Incidência do submódulo 2.2 sobre o submódulo 2.1 | C25: =(C24*C40) -> 0.0657072 | D25: =ROUND(D24*C25,2) -> 68.34
A26: Total | C26: =SUM(C24:C25) -> 0.2601072 | D26: =SUM(D24:D25) -> 1108.39
A29: Submódulo 2.2 - Encargos Previdenciários (GPS), Fundo de Garantia por Tempo de Serviço (FGTS) e outras contribuições.
A31: 2.3 | B31: GPS, FGTS e outras contribuições | C31: Percentual (%) | D31: Valor (R$) | E31: Fundamentação Legal
A32: D | B32: INSS | C32: 0.2 | D32: =ROUND(D13*C32,2) -> 1070 | E32: Art. 22, Inciso I, da Lei 8.212/91
A33: E | B33: Salário Educação | C33: 0.025 | D33: =ROUND(D13*C33,2) -> 133.75 | E33: Artigo 3º Inciso I Decreto 87.043/82
A34: F | B34: RAT/FAP | C34: =Base!G2 -> 0 | D34: =ROUND(D13*C34,2) -> 0 | E34: Decreto 6.042/2007, Lei 10.666/2003 (Apresentar memória de cálculo do RAT/FAP)
A35: G | B35: SESC ou SESI | C35: 0.015 | D35: =ROUND(D13*C35,2) -> 80.25 | E35: Artigo 30 da Lei nº 8.036/90
A36: H | B36: SENAI - SENAC | C36: 0.01 | D36: =ROUND(D13*C36,2) -> 53.5 | E36: Decreto-Lei nº 2.318/86
A37: I | B37: SEBRAE | C37: 0.006 | D37: =ROUND(D13*C37,2) -> 32.1 | E37: Lei nº 8.029/90
A38: J | B38: INCRA | C38: 0.002 | D38: =ROUND(D13*C38,2) -> 10.7 | E38: Artigos 1º e 2º do Decreto-Lei nº 1.146/70.
A39: K | B39: FGTS | C39: 0.08 | D39: =ROUND(D13*C39,2) -> 428 | E39: Artigo 15 Lei 8036/90 e Art. 7º Inciso III CF/88
A40: Total | C40: =SUM(C32:C39) -> 0.338 | D40: =SUM(D32:D39) -> 1808.3
A43: Submódulo 2.3 - Benefícios Mensais e Diários.
A45: 2.4 | B45: Benefícios Mensais e Diários | C45: Valor (R$) | D45: Valor Total (R$) | E45: Fundamentação Legal
A46: L | B46: Vale Transporte | C46: =Base!G4 -> 6 | D46: =ROUND((C46*2*22)-(D12*0.06),2) -> -57 | E46: Lei 7.4118 (Considerar 22 dias)
A47: M | B47: Vale Refeição (Desconto) | C47: =Base!G5 -> 1090 | D47: =ROUND(((C47+(C47/12))*0.8),2) -> 944.67 | E47: Cláusula 13a da CCT (no cálculo já foi considerado o valor do vale nas férias)
A48: N | B48: Benefício Social Odontológico | D48: =Base!G6 -> 0 | E48: Cláusula 15a da CCT
A49: O | B49: Benefício Social Familiar | D49: =Base!G7 -> 0 | E49: Cláusula 16a da CCT
A50: P | B50: Fundo de Qualificação Profissional | D50: =Base!G8 -> 0 | E50: Cláusula 23a da CCT
A51: Q | B51: Assistência à Saúde | D51: =Base!G9 -> 0 | E51: Cláusula 15a da CCT
A52: R | B52: Seguro de vida | D52: =Base!G10 -> 0 | E52: Cláusula 6a, Parágrafo 2º da CCT
A53: S | B53: Custos dos exames admssional, períodicos e demissionais | D53: =Base!G11 -> 0
A54: T | B54: Crédito de PIS/COFINS 9,25% (quando existir para lucro real) | C54: =IF(K116+9.25%,-9.25%,0) -> -0.0925 | D54: =ROUND(C54*(D46+D47+D52+D51),2) -> -82.11
A55: Total | D55: =SUM(D46:D54) -> 805.56
A58: Quadro-Resumo do Módulo 2 - Encargos e Benefícios anuais, mensais e diários
A60: 2 | B60: Encargos e Benefícios Anuais, Mensais e Diários | C60: Percentual (%) | D60: Valor (R$)
A61: 2.1 | B61: 13º (décimo terceiro) Salário, Férias e Adicional de Férias | D61: =D26 -> 1108.39
A62: 2.2 | B62: GPS, FGTS e outras contribuições | D62: =D40 -> 1808.3
A63: 2.3 | B63: Benefícios Mensais e Diários | D63: =D55 -> 805.56
A64: Total | D64: =SUM(D61:D63) -> 3722.25
A67: Módulo 3 - Provisão para Rescisão
A69: 3 | B69: Provisão para Rescisão | C69: Percentual (%) | D69: Valor (R$) | E69: Memória de Cálculo
A70: A | B70: Aviso Prévio Indenizado | C70: 0.0833 | D70: =ROUND(C70*$D$13,2) -> 445.66 | E70: 1 (unidade de salário) x (1 (mês não trabalhado) / 12 (meses) x 100% (estatística) = 8,33%
A71: B | B71: Incidência do FGTS sobre o Aviso Prévio Indenizado | C71: 0.08 | D71: =ROUND(D70*C71,2) -> 35.65 | E71: Alíquota FGTS 8%
A72: C | B72: Multa do FGTS e contribuição social sobre o Aviso Prévio Trabalhado e Indenizado | C72: 0.032 | D72: =ROUND(C72*$D$13,2) -> 171.2 | E72: 40 (Multa do FGTS)*8% (Incidência do FGTS) = 3,20%
A73: D | B73: Aviso Prévio Trabalhado | C73: 0.0194 | D73: =ROUND(C73*$D$13,2) -> 103.79 | E73: [(1 (unidade de salário) / 30 (dias do mês)) x 7 (dias da semana)] / 12 (meses do ano) = 1,94%
A74: E | B74: Incidência dos encargos do submódulo 2.2 sobre o Aviso Prévio Trabalhado | C74: =C73*C40 -> 0.0065572 | D74: =ROUND(D73*C74,2) -> 0.68 | E74: Incidência dos encargos sociais sobre o aviso prévio trabalhado
A75: Total | C75: =SUM(C70:C74) -> 0.2212572 | D75: =SUM(D70:D74) -> 756.98
A78: Módulo 4 - Custo de Reposição do Profissional Ausente
A81: Submódulo 4.1 - Substituto nas Ausências Legais
A83: 4.1 | B83: Substituto nas Ausências Legais | C83: Percentual (%) | D83: Valor (R$) | E83: Memória de Cálculo
A84: A | B84: Substituto na cobertura de Férias | C84: =((1+1/3)/12)/12 -> 0.0092592593 | D84: =ROUND(($D$13)*C84,2) -> 49.54 | E84: ((1 remuneração + 1/3 terço constitucional)/12 rateio prov. p/ 12 meses) / 12 corresponde a 1/12 de férias + 1/3 do substituto=0,93%
A85: B | B85: Substituto na cobertura de Ausências Legais | C85: =Base!G13 -> 0.0028 | D85: =ROUND(($D$13)*C85,2) -> 14.98 | E85: (1 dia / 30 dias) x (1 dia / 12 meses) x 100 = 0,28%
A86: C | B86: Substituto na cobertura de Licença Paternidade | C86: =Base!G14 -> 0.00027777778 | D86: =ROUND(($D$13)*C86,2) -> 1.49 | E86: ((5 dias de ausência/30 impacto sobre o mês)/12 meses do ano)*2% estimativa de ocorrência=0,028%
A87: D | B87: Substituto na cobertura de Ausência por acidente de trabalho | C87: =Base!G15 -> 0.0033333333 | D87: =ROUND(($D$13)*C87,2) -> 17.83 | E87: ((15 dias de ausências INSS /30 mês)/12 meses)*8% (estimativa IBGE) = 0,33%
A88: E | B88: Substituto na cobertura de Ausência por Doença | C88: =Base!G16 -> 0.016555556 | D88: =ROUND(($D$13)*C88,2) -> 88.57 | E88: (5,96 dias/ano IBGE/30 dias) x (1/12 meses) = 1,66%
A89: F | B89: Substituto na cobertura de Licença Maternidade | C89: =Base!G17 -> 4.2986667e-05 | D89: =ROUND(($D$13)*C89,2) -> 0.23 | E89: (5 dias / 30 dias) x (1 / 12 meses) x 6,24% taxa de fecundidade x 4,96% participação masculina = 0,004%
A90: Subtotal | C90: =SUM(C84:C88) -> 0.032225926 | D90: =SUM(D84:D88) -> 172.41
A91: G | B91: Incidência do Submódulo 2.2 sobre o Submódulo 4.1 | C91: =C90*C40 -> 0.010892363 | D91: =D90*C91 -> 1.8779523
A92: Total | C92: =SUM(C90:C91) -> 0.043118289 | D92: =SUM(D90:D91) -> 174.28795
A94: Quadro-Resumo do Módulo 4 - Custo de Reposição do Profissional Ausente
A96: 4 | B96: Custo de Reposição do Profissional Ausente | C96: Valor (R$)
A97: 4.1 | B97: Substituto nas Ausências Legais | C97: =D92 -> 174.28795
A98: Total | C98: =C97 -> 174.28795
A101: Módulo 5 - Insumos Diversos
A103: 5 | B103: Insumos Diversos | C103: Valor (R$)
A104: A | B104: - | C104: -
A105: Total | C105: =SUM(C104:C104) -> 0
A108: Módulo 6 - Custos Indiretos, Tributos e Lucro
A110: 6 | B110: Custos Indiretos, Tributos e Lucro | C110: Percentual (%) | D110: Valor (R$)
A111: A | B111: Custos Indiretos | C111: =Base!G19 -> 0 | D111: =ROUND(((C128)*C111),2) -> 0
A112: B | B112: Lucro | C112: =Base!G20 -> 0 | D112: =ROUND(((C128+D111)*C112),2) -> 0
A113: C | B113: Tributos | C113: =SUM(C114:C116) -> 0.05 | D113: =ROUND(SUM(D114:D116),2) -> 526.5
B114: C.1. PIS | C114: =Base!G21 -> 0 | D114: =ROUND(C114*((C128+D111+D112)/(1-C133)),2) -> 0
B115: C.2. COFINS | C115: =Base!G22 -> 0 | D115: =ROUND(C115*((C128+D111+D112)/(1-C133)),2) -> 0
B116: C.3. ISS | C116: =Base!G23 -> 0.05 | D116: =ROUND(C116*((C128+D111+D112)/(1-C133)),2) -> 526.5 | K116: =C114+C115 -> 0
A117: Total | D117: =ROUND(SUM(D111:D113),2) -> 526.5
A120: 2. QUADRO-RESUMO DO CUSTO POR EMPREGADO
B122: Mão de obra vinculada à execução contratual (valor por empregado) | C122: Valor (R$)
A123: A | B123: Módulo 1 - Composição da Remuneração | C123: =D13 -> 5350
A124: B | B124: Módulo 2 - Encargos e Benefícios Anuais, Mensais e Diários | C124: =D64 -> 3722.25
A125: C | B125: Módulo 3 - Provisão para Rescisão | C125: =D75 -> 756.98
A126: D | B126: Módulo 4 - Custo de Reposição do Profissional Ausente | C126: =C98 -> 174.28795
A127: E | B127: Módulo 5 - Insumos Diversos | C127: =C105 -> 0
A128: Subtotal (A + B +C+ D+E) | C128: =ROUND(C123+C124+C125+C126+C127,2) -> 10003.52
A129: F | B129: Módulo 6 – Custos Indiretos, Tributos e Lucro | C129: =D117 -> 526.5
A130: Valor Total por Empregado | C130: =ROUND(C128+C129,2) -> 10530.02
A133: a) Tributos | C133: =C113 -> 0.05
A134: b) Total dos Módulos 1,2,3,4,5+Custos indiretos+lucro) | C134: =D13+D64+D75+C98+C105+D111+D112 -> 10003.518
A135: C)Po/(1-TO)=P1 | C135: =TRUNC(C134/(1-C133),2) -> 10530.01
A136: Valor dos Tributos = P1-Po | C136: =C135-C134 -> 526.49205

Sheet 5
A1: Base
B3: Mão de Obra
B5: Cargo | C5: =Base!B6 -> Analista 1
B6: Salário | C6: =Base!C6 -> 6000
A9: Módulo 1 - Composição da Remuneração
A11: 1 | B11: Composição da Remuneração | C11: Valor (R$) | D11: Valor (R$) | E11: Fundamentação Legal
A12: A | B12: Salário-Base | D12: =C6 -> 6000 | E12: Salário normativo da categoria de acorodo com a CCT
A13: Total | D13: =SUM(D12:D12) -> 6000
A16: Módulo 2 - Encargos e Benefícios Anuais, Mensais e Diários
A19: Submódulo 2.1 - 13º (décimo terceiro) Salário, Férias e Adicional de Férias
A21: 2.2 | B21: 13º (décimo terceiro) Salário, Férias e Adicional de Férias | C21: Percentual (%) | D21: Valor (R$) | E21: Fundamentação Legal
A22: A | B22: 13º (décimo terceiro) Salário | C22: 0.0833 | D22: =ROUND(D13*C22,2) -> 499.8 | E22: Lei 4090/62 Inciso VIII Art. 7 CF 88
A23: B | B23: Férias e Adicional de Férias | C23: 0.1111 | D23: =ROUND(D13*C23,2) -> 666.6 | E23: Artigo 7, Inciso XVII CF/88 e Súmula 328/TST
A24: SUBTOTAL | C24: =SUM(C22:C23) -> 0.1944 | D24: =SUM(D22:D23) -> 1166.4
A25: C | B25: Incidência do submódulo 2.2 sobre o submódulo 2.1 | C25: =(C24*C40) -> 0.0657072 | D25: =ROUND(D24*C25,2) -> 76.64
A26: Total | C26: =SUM(C24:C25) -> 0.2601072 | D26: =SUM(D24:D25) -> 1243.04
A29: Submódulo 2.2 - Encargos Previdenciários (GPS), Fundo de Garantia por Tempo de Serviço (FGTS) e outras contribuições.
A31: 2.3 | B31: GPS, FGTS e outras contribuições | C31: Percentual (%) | D31: Valor (R$) | E31: Fundamentação Legal
A32: D | B32: INSS | C32: 0.2 | D32: =ROUND(D13*C32,2) -> 1200 | E32: Art. 22, Inciso I, da Lei 8.212/91
A33: E | B33: Salário Educação | C33: 0.025 | D33: =ROUND(D13*C33,2) -> 150 | E33: Artigo 3º Inciso I Decreto 87.043/82
A34: F | B34: RAT/FAP | C34: =Base!G2 -> 0 | D34: =ROUND(D13*C34,2) -> 0 | E34: Decreto 6.042/2007, Lei 10.666/2003 (Apresentar memória de cálculo do RAT/FAP)
A35: G | B35: SESC ou SESI | C35: 0.015 | D35: =ROUND(D13*C35,2) -> 90 | E35: Artigo 30 da Lei nº 8.036/90
A36: H | B36: SENAI - SENAC | C36: 0.01 | D36: =ROUND(D13*C36,2) -> 60 | E36: Decreto-Lei nº 2.318/86
A37: I | B37: SEBRAE | C37: 0.006 | D37: =ROUND(D13*C37,2) -> 36 | E37: Lei nº 8.029/90
A38: J | B38: INCRA | C38: 0.002 | D38: =ROUND(D13*C38,2) -> 12 | E38: Artigos 1º e 2º do Decreto-Lei nº 1.146/70.
A39: K | B39: FGTS | C39: 0.08 | D39: =ROUND(D13*C39,2) -> 480 | E39: Artigo 15 Lei 8036/90 e Art. 7º Inciso III CF/88
A40: Total | C40: =SUM(C32:C39) -> 0.338 | D40: =SUM(D32:D39) -> 2028
A43: Submódulo 2.3 - Benefícios Mensais e Diários.
A45: 2.4 | B45: Benefícios Mensais e Diários | C45: Valor (R$) | D45: Valor Total (R$) | E45: Fundamentação Legal
A46: L | B46: Vale Transporte | C46: =Base!G4 -> 6 | D46: =ROUND((C46*2*22)-(D12*0.06),2) -> -96 | E46: Lei 7.4118 (Considerar 22 dias)
A47: M | B47: Vale Refeição (Desconto) | C47: =Base!G5 -> 1090 | D47: =ROUND(((C47+(C47/12))*0.8),2) -> 944.67 | E47: Cláusula 13a da CCT (no cálculo já foi considerado o valor do vale nas férias)
A48: N | B48: Benefício Social Odontológico | D48: =Base!G6 -> 0 | E48: Cláusula 15a da CCT
A49: O | B49: Benefício Social Familiar | D49: =Base!G7 -> 0 | E49: Cláusula 16a da CCT
A50: P | B50: Fundo de Qualificação Profissional | D50: =Base!G8 -> 0 | E50: Cláusula 23a da CCT
A51: Q | B51: Assistência à Saúde | D51: =Base!G9 -> 0 | E51: Cláusula 15a da CCT
A52: R | B52: Seguro de vida | D52: =Base!G10 -> 0 | E52: Cláusula 6a, Parágrafo 2º da CCT
A53: S | B53: Custos dos exames admssional, períodicos e demissionais | D53: =Base!G11 -> 0
A54: T | B54: Crédito de PIS/COFINS 9,25% (quando existir para lucro real) | C54: =IF(K116+9.25%,-9.25%,0) -> -0.0925 | D54: =ROUND(C54*(D46+D47+D52+D51),2) -> -78.5
A55: Total | D55: =SUM(D46:D54) -> 770.17
A58: Quadro-Resumo do Módulo 2 - Encargos e Benefícios anuais, mensais e diários
A60: 2 | B60: Encargos e Benefícios Anuais, Mensais e Diários | C60: Percentual (%) | D60: Valor (R$)
A61: 2.1 | B61: 13º (décimo terceiro) Salário, Férias e Adicional de Férias | D61: =D26 -> 1243.04
A62: 2.2 | B62: GPS, FGTS e outras contribuições | D62: =D40 -> 2028
A63: 2.3 | B63: Benefícios Mensais e Diários | D63: =D55 -> 770.17
A64: Total | D64: =SUM(D61:D63) -> 4041.21
A67: Módulo 3 - Provisão para Rescisão
A69: 3 | B69: Provisão para Rescisão | C69: Percentual (%) | D69: Valor (R$) | E69: Memória de Cálculo
A70: A | B70: Aviso Prévio Indenizado | C70: 0.0833 | D70: =ROUND(C70*$D$13,2) -> 499.8 | E70: 1 (unidade de salário) x (1 (mês não trabalhado) / 12 (meses) x 100% (estatística) = 8,33%
A71: B | B71: Incidência do FGTS sobre o Aviso Prévio Indenizado | C71: 0.08 | D71: =ROUND(D70*C71,2) -> 39.98 | E71: Alíquota FGTS 8%
A72: C | B72: Multa do FGTS e contribuição social sobre o Aviso Prévio Trabalhado e Indenizado | C72: 0.032 | D72: =ROUND(C72*$D$13,2) -> 192 | E72: 40 (Multa do FGTS)*8% (Incidência do FGTS) = 3,20%
A73: D | B73: Aviso Prévio Trabalhado | C73: 0.0194 | D73: =ROUND(C73*$D$13,2) -> 116.4 | E73: [(1 (unidade de salário) / 30 (dias do mês)) x 7 (dias da semana)] / 12 (meses do ano) = 1,94%
A74: E | B74: Incidência dos encargos do submódulo 2.2 sobre o Aviso Prévio Trabalhado | C74: =C73*C40 -> 0.0065572 | D74: =ROUND(D73*C74,2) -> 0.76 | E74: Incidência dos encargos sociais sobre o aviso prévio trabalhado
A75: Total | C75: =SUM(C70:C74) -> 0.2212572 | D75: =SUM(D70:D74) -> 848.94
A78: Módulo 4 - Custo de Reposição do Profissional Ausente
A81: Submódulo 4.1 - Substituto nas Ausências Legais
A83: 4.1 | B83: Substituto nas Ausências Legais | C83: Percentual (%) | D83: Valor (R$) | E83: Memória de Cálculo
A84: A | B84: Substituto na cobertura de Férias | C84: =((1+1/3)/12)/12 -> 0.0092592593 | D84: =ROUND(($D$13)*C84,2) -> 55.56 | E84: ((1 remuneração + 1/3 terço constitucional)/12 rateio prov. p/ 12 meses) / 12 corresponde a 1/12 de férias + 1/3 do substituto=0,93%
A85: B | B85: Substituto na cobertura de Ausências Legais | C85: =Base!G13 -> 0.0028 | D85: =ROUND(($D$13)*C85,2) -> 16.8 | E85: (1 dia / 30 dias) x (1 dia / 12 meses) x 100 = 0,28%
A86: C | B86: Substituto na cobertura de Licença Paternidade | C86: =Base!G14 -> 0.00027777778 | D86: =ROUND(($D$13)*C86,2) -> 1.67 | E86: ((5 dias de ausência/30 impacto sobre o mês)/12 meses do ano)*2% estimativa de ocorrência=0,028%
A87: D | B87: Substituto na cobertura de Ausência por acidente de trabalho | C87: =Base!G15 -> 0.0033333333 | D87: =ROUND(($D$13)*C87,2) -> 20 | E87: ((15 dias de ausências INSS /30 mês)/12 meses)*8% (estimativa IBGE) = 0,33%
A88: E | B88: Substituto na cobertura de Ausência por Doença | C88: =Base!G16 -> 0.016555556 | D88: =ROUND(($D$13)*C88,2) -> 99.33 | E88: (5,96 dias/ano IBGE/30 dias) x (1/12 meses) = 1,66%
A89: F | B89: Substituto na cobertura de Licença Maternidade | C89: =Base!G17 -> 4.2986667e-05 | D89: =ROUND(($D$13)*C89,2) -> 0.26 | E89: (5 dias / 30 dias) x (1 / 12 meses) x 6,24% taxa de fecundidade x 4,96% participação masculina = 0,004%
A90: Subtotal | C90: =SUM(C84:C88) -> 0.032225926 | D90: =SUM(D84:D88) -> 193.36
A91: G | B91: Incidência do Submódulo 2.2 sobre o Submódulo 4.1 | C91: =C90*C40 -> 0.010892363 | D91: =D90*C91 -> 2.1061473
A92: Total | C92: =SUM(C90:C91) -> 0.043118289 | D92: =SUM(D90:D91) -> 195.46615
A94: Quadro-Resumo do Módulo 4 - Custo de Reposição do Profissional Ausente
A96: 4 | B96: Custo de Reposição do Profissional Ausente | C96: Valor (R$)
A97: 4.1 | B97: Substituto nas Ausências Legais | C97: =D92 -> 195.46615
A98: Total | C98: =C97 -> 195.46615
A101: Módulo 5 - Insumos Diversos
A103: 5 | B103: Insumos Diversos | C103: Valor (R$)
A104: A | B104: - | C104: -
A105: Total | C105: =SUM(C104:C104) -> 0
A108: Módulo 6 - Custos Indiretos, Tributos e Lucro
A110: 6 | B110: Custos Indiretos, Tributos e Lucro | C110: Percentual (%) | D110: Valor (R$)
A111: A | B111: Custos Indiretos | C111: =Base!G19 -> 0 | D111: =ROUND(((C128)*C111),2) -> 0
A112: B | B112: Lucro | C112: =Base!G20 -> 0 | D112: =ROUND(((C128+D111)*C112),2) -> 0
A113: C | B113: Tributos | C113: =SUM(C114:C116) -> 0.05 | D113: =ROUND(SUM(D114:D116),2) -> 583.45
B114: C.1. PIS | C114: =Base!G21 -> 0 | D114: =ROUND(C114*((C128+D111+D112)/(1-C133)),2) -> 0
B115: C.2. COFINS | C115: =Base!G22 -> 0 | D115: =ROUND(C115*((C128+D111+D112)/(1-C133)),2) -> 0
B116: C.3. ISS | C116: =Base!G23 -> 0.05 | D116: =ROUND(C116*((C128+D111+D112)/(1-C133)),2) -> 583.45 | K116: =C114+C115 -> 0
A117: Total | D117: =ROUND(SUM(D111:D113),2) -> 583.45
A120: 2. QUADRO-RESUMO DO CUSTO POR EMPREGADO
B122: Mão de obra vinculada à execução contratual (valor por empregado) | C122: Valor (R$)
A123: A | B123: Módulo 1 - Composição da Remuneração | C123: =D13 -> 6000
A124: B | B124: Módulo 2 - Encargos e Benefícios Anuais, Mensais e Diários | C124: =D64 -> 4041.21
A125: C | B125: Módulo 3 - Provisão para Rescisão | C125: =D75 -> 848.94
A126: D | B126: Módulo 4 - Custo de Reposição do Profissional Ausente | C126: =C98 -> 195.46615
A127: E | B127: Módulo 5 - Insumos Diversos | C127: =C105 -> 0
A128: Subtotal (A + B +C+ D+E) | C128: =ROUND(C123+C124+C125+C126+C127,2) -> 11085.62
A129: F | B129: Módulo 6 – Custos Indiretos, Tributos e Lucro | C129: =D117 -> 583.45
A130: Valor Total por Empregado | C130: =ROUND(C128+C129,2) -> 11669.07
A133: a) Tributos | C133: =C113 -> 0.05
A134: b) Total dos Módulos 1,2,3,4,5+Custos indiretos+lucro) | C134: =D13+D64+D75+C98+C105+D111+D112 -> 11085.616
A135: C)Po/(1-TO)=P1 | C135: =TRUNC(C134/(1-C133),2) -> 11669.06
A136: Valor dos Tributos = P1-Po | C136: =C135-C134 -> 583.44385

Sheet 6
A1: Base
B3: Mão de Obra
B5: Cargo | C5: =Base!B7 -> Analista 2
B6: Salário | C6: =Base!C7 -> 6840
A9: Módulo 1 - Composição da Remuneração
A11: 1 | B11: Composição da Remuneração | C11: Valor (R$) | D11: Valor (R$) | E11: Fundamentação Legal
A12: A | B12: Salário-Base | D12: =C6 -> 6840 | E12: Salário normativo da categoria de acorodo com a CCT
A13: Total | D13: =SUM(D12:D12) -> 6840
A16: Módulo 2 - Encargos e Benefícios Anuais, Mensais e Diários
A19: Submódulo 2.1 - 13º (décimo terceiro) Salário, Férias e Adicional de Férias
A21: 2.2 | B21: 13º (décimo terceiro) Salário, Férias e Adicional de Férias | C21: Percentual (%) | D21: Valor (R$) | E21: Fundamentação Legal
A22: A | B22: 13º (décimo terceiro) Salário | C22: 0.0833 | D22: =ROUND(D13*C22,2) -> 569.77 | E22: Lei 4090/62 Inciso VIII Art. 7 CF 88
A23: B | B23: Férias e Adicional de Férias | C23: 0.1111 | D23: =ROUND(D13*C23,2) -> 759.92 | E23: Artigo 7, Inciso XVII CF/88 e Súmula 328/TST
A24: SUBTOTAL | C24: =SUM(C22:C23) -> 0.1944 | D24: =SUM(D22:D23) -> 1329.69
A25: C | B25: Incidência do submódulo 2.2 sobre o submódulo 2.1 | C25: =(C24*C40) -> 0.0657072 | D25: =ROUND(D24*C25,2) -> 87.37
A26: Total | C26: =SUM(C24:C25) -> 0.2601072 | D26: =SUM(D24:D25) -> 1417.06
A29: Submódulo 2.2 - Encargos Previdenciários (GPS), Fundo de Garantia por Tempo de Serviço (FGTS) e outras contribuições.
A31: 2.3 | B31: GPS, FGTS e outras contribuições | C31: Percentual (%) | D31: Valor (R$) | E31: Fundamentação Legal
A32: D | B32: INSS | C32: 0.2 | D32: =ROUND(D13*C32,2) -> 1368 | E32: Art. 22, Inciso I, da Lei 8.212/91
A33: E | B33: Salário Educação | C33: 0.025 | D33: =ROUND(D13*C33,2) -> 171 | E33: Artigo 3º Inciso I Decreto 87.043/82
A34: F | B34: RAT/FAP | C34: =Base!G2 -> 0 | D34: =ROUND(D13*C34,2) -> 0 | E34: Decreto 6.042/2007, Lei 10.666/2003 (Apresentar memória de cálculo do RAT/FAP)
A35: G | B35: SESC ou SESI | C35: 0.015 | D35: =ROUND(D13*C35,2) -> 102.6 | E35: Artigo 30 da Lei nº 8.036/90
A36: H | B36: SENAI - SENAC | C36: 0.01 | D36: =ROUND(D13*C36,2) -> 68.4 | E36: Decreto-Lei nº 2.318/86
A37: I | B37: SEBRAE | C37: 0.006 | D37: =ROUND(D13*C37,2) -> 41.04 | E37: Lei nº 8.029/90
A38: J | B38: INCRA | C38: 0.002 | D38: =ROUND(D13*C38,2) -> 13.68 | E38: Artigos 1º e 2º do Decreto-Lei nº 1.146/70.
A39: K | B39: FGTS | C39: 0.08 | D39: =ROUND(D13*C39,2) -> 547.2 | E39: Artigo 15 Lei 8036/90 e Art. 7º Inciso III CF/88
A40: Total | C40: =SUM(C32:C39) -> 0.338 | D40: =SUM(D32:D39) -> 2311.92
A43: Submódulo 2.3 - Benefícios Mensais e Diários.
A45: 2.4 | B45: Benefícios Mensais e Diários | C45: Valor (R$) | D45: Valor Total (R$) | E45: Fundamentação Legal
A46: L | B46: Vale Transporte | C46: =Base!G4 -> 6 | D46: =ROUND((C46*2*22)-(D12*0.06),2) -> -146.4 | E46: Lei 7.4118 (Considerar 22 dias)
A47: M | B47: Vale Refeição (Desconto) | C47: =Base!G5 -> 1090 | D47: =ROUND(((C47+(C47/12))*0.8),2) -> 944.67 | E47: Cláusula 13a da CCT (no cálculo já foi considerado o valor do vale nas férias)
A48: N | B48: Benefício Social Odontológico | D48: =Base!G6 -> 0 | E48: Cláusula 15a da CCT
A49: O | B49: Benefício Social Familiar | D49: =Base!G7 -> 0 | E49: Cláusula 16a da CCT
A50: P | B50: Fundo de Qualificação Profissional | D50: =Base!G8 -> 0 | E50: Cláusula 23a da CCT
A51: Q | B51: Assistência à Saúde | D51: =Base!G9 -> 0 | E51: Cláusula 15a da CCT
A52: R | B52: Seguro de vida | D52: =Base!G10 -> 0 | E52: Cláusula 6a, Parágrafo 2º da CCT
A53: S | B53: Custos dos exames admssional, períodicos e demissionais | D53: =Base!G11 -> 0
A54: T | B54: Crédito de PIS/COFINS 9,25% (quando existir para lucro real) | C54: =IF(K116+9.25%,-9.25%,0) -> -0.0925 | D54: =ROUND(C54*(D46+D47+D52+D51),2) -> -73.84
A55: Total | D55: =SUM(D46:D54) -> 724.43
A58: Quadro-Resumo do Módulo 2 - Encargos e Benefícios anuais, mensais e diários
A60: 2 | B60: Encargos e Benefícios Anuais, Mensais e Diários | C60: Percentual (%) | D60: Valor (R$)
A61: 2.1 | B61: 13º (décimo terceiro) Salário, Férias e Adicional de Férias | D61: =D26 -> 1417.06
A62: 2.2 | B62: GPS, FGTS e outras contribuições | D62: =D40 -> 2311.92
A63: 2.3 | B63: Benefícios Mensais e Diários | D63: =D55 -> 724.43
A64: Total | D64: =SUM(D61:D63) -> 4453.41
A67: Módulo 3 - Provisão para Rescisão
A69: 3 | B69: Provisão para Rescisão | C69: Percentual (%) | D69: Valor (R$) | E69: Memória de Cálculo
A70: A | B70: Aviso Prévio Indenizado | C70: 0.0833 | D70: =ROUND(C70*$D$13,2) -> 569.77 | E70: 1 (unidade de salário) x (1 (mês não trabalhado) / 12 (meses) x 100% (estatística) = 8,33%
A71: B | B71: Incidência do FGTS sobre o Aviso Prévio Indenizado | C71: 0.08 | D71: =ROUND(D70*C71,2) -> 45.58 | E71: Alíquota FGTS 8%
A72: C | B72: Multa do FGTS e contribuição social sobre o Aviso Prévio Trabalhado e Indenizado | C72: 0.032 | D72: =ROUND(C72*$D$13,2) -> 218.88 | E72: 40 (Multa do FGTS)*8% (Incidência do FGTS) = 3,20%
A73: D | B73: Aviso Prévio Trabalhado | C73: 0.0194 | D73: =ROUND(C73*$D$13,2) -> 132.7 | E73: [(1 (unidade de salário) / 30 (dias do mês)) x 7 (dias da semana)] / 12 (meses do ano) = 1,94%
A74: E | B74: Incidência dos encargos do submódulo 2.2 sobre o Aviso Prévio Trabalhado | C74: =C73*C40 -> 0.0065572 | D74: =ROUND(D73*C74,2) -> 0.87 | E74: Incidência dos encargos sociais sobre o aviso prévio trabalhado
A75: Total | C75: =SUM(C70:C74) -> 0.2212572 | D75: =SUM(D70:D74) -> 967.8
A78: Módulo 4 - Custo de Reposição do Profissional Ausente
A81: Submódulo 4.1 - Substituto nas Ausências Legais
A83: 4.1 | B83: Substituto nas Ausências Legais | C83: Percentual (%) | D83: Valor (R$) | E83: Memória de Cálculo
A84: A | B84: Substituto na cobertura de Férias | C84: =((1+1/3)/12)/12 -> 0.0092592593 | D84: =ROUND(($D$13)*C84,2) -> 63.33 | E84: ((1 remuneração + 1/3 terço constitucional)/12 rateio prov. p/ 12 meses) / 12 corresponde a 1/12 de férias + 1/3 do substituto=0,93%
A85: B | B85: Substituto na cobertura de Ausências Legais | C85: =Base!G13 -> 0.0028 | D85: =ROUND(($D$13)*C85,2) -> 19.15 | E85: (1 dia / 30 dias) x (1 dia / 12 meses) x 100 = 0,28%
A86: C | B86: Substituto na cobertura de Licença Paternidade | C86: =Base!G14 -> 0.00027777778 | D86: =ROUND(($D$13)*C86,2) -> 1.9 | E86: ((5 dias de ausência/30 impacto sobre o mês)/12 meses do ano)*2% estimativa de ocorrência=0,028%
A87: D | B87: Substituto na cobertura de Ausência por acidente de trabalho | C87: =Base!G15 -> 0.0033333333 | D87: =ROUND(($D$13)*C87,2) -> 22.8 | E87: ((15 dias de ausências INSS /30 mês)/12 meses)*8% (estimativa IBGE) = 0,33%
A88: E | B88: Substituto na cobertura de Ausência por Doença | C88: =Base!G16 -> 0.016555556 | D88: =ROUND(($D$13)*C88,2) -> 113.24 | E88: (5,96 dias/ano IBGE/30 dias) x (1/12 meses) = 1,66%
A89: F | B89: Substituto na cobertura de Licença Maternidade | C89: =Base!G17 -> 4.2986667e-05 | D89: =ROUND(($D$13)*C89,2) -> 0.29 | E89: (5 dias / 30 dias) x (1 / 12 meses) x 6,24% taxa de fecundidade x 4,96% participação masculina = 0,004%
A90: Subtotal | C90: =SUM(C84:C88) -> 0.032225926 | D90: =SUM(D84:D88) -> 220.42
A91: G | B91: Incidência do Submódulo 2.2 sobre o Submódulo 4.1 | C91: =C90*C40 -> 0.010892363 | D91: =D90*C91 -> 2.4008946
A92: Total | C92: =SUM(C90:C91) -> 0.043118289 | D92: =SUM(D90:D91) -> 222.82089
A94: Quadro-Resumo do Módulo 4 - Custo de Reposição do Profissional Ausente
A96: 4 | B96: Custo de Reposição do Profissional Ausente | C96: Valor (R$)
A97: 4.1 | B97: Substituto nas Ausências Legais | C97: =D92 -> 222.82089
A98: Total | C98: =C97 -> 222.82089
A101: Módulo 5 - Insumos Diversos
A103: 5 | B103: Insumos Diversos | C103: Valor (R$)
A104: A | B104: - | C104: -
A105: Total | C105: =SUM(C104:C104) -> 0
A108: Módulo 6 - Custos Indiretos, Tributos e Lucro
A110: 6 | B110: Custos Indiretos, Tributos e Lucro | C110: Percentual (%) | D110: Valor (R$)
A111: A | B111: Custos Indiretos | C111: =Base!G19 -> 0 | D111: =ROUND(((C128)*C111),2) -> 0
A112: B | B112: Lucro | C112: =Base!G20 -> 0 | D112: =ROUND(((C128+D111)*C112),2) -> 0
A113: C | B113: Tributos | C113: =SUM(C114:C116) -> 0.05 | D113: =ROUND(SUM(D114:D116),2) -> 657.05
B114: C.1. PIS | C114: =Base!G21 -> 0 | D114: =ROUND(C114*((C128+D111+D112)/(1-C133)),2) -> 0
B115: C.2. COFINS | C115: =Base!G22 -> 0 | D115: =ROUND(C115*((C128+D111+D112)/(1-C133)),2) -> 0
B116: C.3. ISS | C116: =Base!G23 -> 0.05 | D116: =ROUND(C116*((C128+D111+D112)/(1-C133)),2) -> 657.05 | K116: =C114+C115 -> 0
A117: Total | D117: =ROUND(SUM(D111:D113),2) -> 657.05
A120: 2. QUADRO-RESUMO DO CUSTO POR EMPREGADO
B122: Mão de obra vinculada à execução contratual (valor por empregado) | C122: Valor (R$)
A123: A | B123: Módulo 1 - Composição da Remuneração | C123: =D13 -> 6840
A124: B | B124: Módulo 2 - Encargos e Benefícios Anuais, Mensais e Diários | C124: =D64 -> 4453.41
A125: C | B125: Módulo 3 - Provisão para Rescisão | C125: =D75 -> 967.8
A126: D | B126: Módulo 4 - Custo de Reposição do Profissional Ausente | C126: =C98 -> 222.82089
A127: E | B127: Módulo 5 - Insumos Diversos | C127: =C105 -> 0
A128: Subtotal (A + B +C+ D+E) | C128: =ROUND(C123+C124+C125+C126+C127,2) -> 12484.03
A129: F | B129: Módulo 6 – Custos Indiretos, Tributos e Lucro | C129: =D117 -> 657.05
A130: Valor Total por Empregado | C130: =ROUND(C128+C129,2) -> 13141.08
A133: a) Tributos | C133: =C113 -> 0.05
A134: b) Total dos Módulos 1,2,3,4,5+Custos indiretos+lucro) | C134: =D13+D64+D75+C98+C105+D111+D112 -> 12484.031
A135: C)Po/(1-TO)=P1 | C135: =TRUNC(C134/(1-C133),2) -> 13141.08
A136: Valor dos Tributos = P1-Po | C136: =C135-C134 -> 657.04911

Sheet 7
A1: Base
B3: Mão de Obra
B5: Cargo | C5: =Base!B8 -> Analista 3
B6: Salário | C6: =Base!C8 -> 7500
A9: Módulo 1 - Composição da Remuneração
A11: 1 | B11: Composição da Remuneração | C11: Valor (R$) | D11: Valor (R$) | E11: Fundamentação Legal
A12: A | B12: Salário-Base | D12: =C6 -> 7500 | E12: Salário normativo da categoria de acorodo com a CCT
A13: Total | D13: =SUM(D12:D12) -> 7500
A16: Módulo 2 - Encargos e Benefícios Anuais, Mensais e Diários
A19: Submódulo 2.1 - 13º (décimo terceiro) Salário, Férias e Adicional de Férias
A21: 2.2 | B21: 13º (décimo terceiro) Salário, Férias e Adicional de Férias | C21: Percentual (%) | D21: Valor (R$) | E21: Fundamentação Legal
A22: A | B22: 13º (décimo terceiro) Salário | C22: 0.0833 | D22: =ROUND(D13*C22,2) -> 624.75 | E22: Lei 4090/62 Inciso VIII Art. 7 CF 88
A23: B | B23: Férias e Adicional de Férias | C23: 0.1111 | D23: =ROUND(D13*C23,2) -> 833.25 | E23: Artigo 7, Inciso XVII CF/88 e Súmula 328/TST
A24: SUBTOTAL | C24: =SUM(C22:C23) -> 0.1944 | D24: =SUM(D22:D23) -> 1458
A25: C | B25: Incidência do submódulo 2.2 sobre o submódulo 2.1 | C25: =(C24*C40) -> 0.0657072 | D25: =ROUND(D24*C25,2) -> 95.8
A26: Total | C26: =SUM(C24:C25) -> 0.2601072 | D26: =SUM(D24:D25) -> 1553.8
A29: Submódulo 2.2 - Encargos Previdenciários (GPS), Fundo de Garantia por Tempo de Serviço (FGTS) e outras contribuições.
A31: 2.3 | B31: GPS, FGTS e outras contribuições | C31: Percentual (%) | D31: Valor (R$) | E31: Fundamentação Legal
A32: D | B32: INSS | C32: 0.2 | D32: =ROUND(D13*C32,2) -> 1500 | E32: Art. 22, Inciso I, da Lei 8.212/91
A33: E | B33: Salário Educação | C33: 0.025 | D33: =ROUND(D13*C33,2) -> 187.5 | E33: Artigo 3º Inciso I Decreto 87.043/82
A34: F | B34: RAT/FAP | C34: =Base!G2 -> 0 | D34: =ROUND(D13*C34,2) -> 0 | E34: Decreto 6.042/2007, Lei 10.666/2003 (Apresentar memória de cálculo do RAT/FAP)
A35: G | B35: SESC ou SESI | C35: 0.015 | D35: =ROUND(D13*C35,2) -> 112.5 | E35: Artigo 30 da Lei nº 8.036/90
A36: H | B36: SENAI - SENAC | C36: 0.01 | D36: =ROUND(D13*C36,2) -> 75 | E36: Decreto-Lei nº 2.318/86
A37: I | B37: SEBRAE | C37: 0.006 | D37: =ROUND(D13*C37,2) -> 45 | E37: Lei nº 8.029/90
A38: J | B38: INCRA | C38: 0.002 | D38: =ROUND(D13*C38,2) -> 15 | E38: Artigos 1º e 2º do Decreto-Lei nº 1.146/70.
A39: K | B39: FGTS | C39: 0.08 | D39: =ROUND(D13*C39,2) -> 600 | E39: Artigo 15 Lei 8036/90 e Art. 7º Inciso III CF/88
A40: Total | C40: =SUM(C32:C39) -> 0.338 | D40: =SUM(D32:D39) -> 2535
A43: Submódulo 2.3 - Benefícios Mensais e Diários.
A45: 2.4 | B45: Benefícios Mensais e Diários | C45: Valor (R$) | D45: Valor Total (R$) | E45: Fundamentação Legal
A46: L | B46: Vale Transporte | C46: =Base!G4 -> 6 | D46: =ROUND((C46*2*22)-(D12*0.06),2) -> -186 | E46: Lei 7.4118 (Considerar 22 dias)
A47: M | B47: Vale Refeição (Desconto) | C47: =Base!G5 -> 1090 | D47: =ROUND(((C47+(C47/12))*0.8),2) -> 944.67 | E47: Cláusula 13a da CCT (no cálculo já foi considerado o valor do vale nas férias)
A48: N | B48: Benefício Social Odontológico | D48: =Base!G6 -> 0 | E48: Cláusula 15a da CCT
A49: O | B49: Benefício Social Familiar | D49: =Base!G7 -> 0 | E49: Cláusula 16a da CCT
A50: P | B50: Fundo de Qualificação Profissional | D50: =Base!G8 -> 0 | E50: Cláusula 23a da CCT
A51: Q | B51: Assistência à Saúde | D51: =Base!G9 -> 0 | E51: Cláusula 15a da CCT
A52: R | B52: Seguro de vida | D52: =Base!G10 -> 0 | E52: Cláusula 6a, Parágrafo 2º da CCT
A53: S | B53: Custos dos exames admssional, períodicos e demissionais | D53: =Base!G11 -> 0
A54: T | B54: Crédito de PIS/COFINS 9,25% (quando existir para lucro real) | C54: =IF(K116+9.25%,-9.25%,0) -> -0.0925 | D54: =ROUND(C54*(D46+D47+D52+D51),2) -> -70.18
A55: Total | D55: =SUM(D46:D54) -> 688.49
A58: Quadro-Resumo do Módulo 2 - Encargos e Benefícios anuais, mensais e diários
A60: 2 | B60: Encargos e Benefícios Anuais, Mensais e Diários | C60: Percentual (%) | D60: Valor (R$)
A61: 2.1 | B61: 13º (décimo terceiro) Salário, Férias e Adicional de Férias | D61: =D26 -> 1553.8
A62: 2.2 | B62: GPS, FGTS e outras contribuições | D62: =D40 -> 2535
A63: 2.3 | B63: Benefícios Mensais e Diários | D63: =D55 -> 688.49
A64: Total | D64: =SUM(D61:D63) -> 4777.29
A67: Módulo 3 - Provisão para Rescisão
A69: 3 | B69: Provisão para Rescisão | C69: Percentual (%) | D69: Valor (R$) | E69: Memória de Cálculo
A70: A | B70: Aviso Prévio Indenizado | C70: 0.0833 | D70: =ROUND(C70*$D$13,2) -> 624.75 | E70: 1 (unidade de salário) x (1 (mês não trabalhado) / 12 (meses) x 100% (estatística) = 8,33%
A71: B | B71: Incidência do FGTS sobre o Aviso Prévio Indenizado | C71: 0.08 | D71: =ROUND(D70*C71,2) -> 49.98 | E71: Alíquota FGTS 8%
A72: C | B72: Multa do FGTS e contribuição social sobre o Aviso Prévio Trabalhado e Indenizado | C72: 0.032 | D72: =ROUND(C72*$D$13,2) -> 240 | E72: 40 (Multa do FGTS)*8% (Incidência do FGTS) = 3,20%
A73: D | B73: Aviso Prévio Trabalhado | C73: 0.0194 | D73: =ROUND(C73*$D$13,2) -> 145.5 | E73: [(1 (unidade de salário) / 30 (dias do mês)) x 7 (dias da semana)] / 12 (meses do ano) = 1,94%
A74: E | B74: Incidência dos encargos do submódulo 2.2 sobre o Aviso Prévio Trabalhado | C74: =C73*C40 -> 0.0065572 | D74: =ROUND(D73*C74,2) -> 0.95 | E74: Incidência dos encargos sociais sobre o aviso prévio trabalhado
A75: Total | C75: =SUM(C70:C74) -> 0.2212572 | D75: =SUM(D70:D74) -> 1061.18
A78: Módulo 4 - Custo de Reposição do Profissional Ausente
A81: Submódulo 4.1 - Substituto nas Ausências Legais
A83: 4.1 | B83: Substituto nas Ausências Legais | C83: Percentual (%) | D83: Valor (R$) | E83: Memória de Cálculo
A84: A | B84: Substituto na cobertura de Férias | C84: =((1+1/3)/12)/12 -> 0.0092592593 | D84: =ROUND(($D$13)*C84,2) -> 69.44 | E84: ((1 remuneração + 1/3 terço constitucional)/12 rateio prov. p/ 12 meses) / 12 corresponde a 1/12 de férias + 1/3 do substituto=0,93%
A85: B | B85: Substituto na cobertura de Ausências Legais | C85: =Base!G13 -> 0.0028 | D85: =ROUND(($D$13)*C85,2) -> 21 | E85: (1 dia / 30 dias) x (1 dia / 12 meses) x 100 = 0,28%
A86: C | B86: Substituto na cobertura de Licença Paternidade | C86: =Base!G14 -> 0.00027777778 | D86: =ROUND(($D$13)*C86,2) -> 2.08 | E86: ((5 dias de ausência/30 impacto sobre o mês)/12 meses do ano)*2% estimativa de ocorrência=0,028%
A87: D | B87: Substituto na cobertura de Ausência por acidente de trabalho | C87: =Base!G15 -> 0.0033333333 | D87: =ROUND(($D$13)*C87,2) -> 25 | E87: ((15 dias de ausências INSS /30 mês)/12 meses)*8% (estimativa IBGE) = 0,33%
A88: E | B88: Substituto na cobertura de Ausência por Doença | C88: =Base!G16 -> 0.016555556 | D88: =ROUND(($D$13)*C88,2) -> 124.17 | E88: (5,96 dias/ano IBGE/30 dias) x (1/12 meses) = 1,66%
A89: F | B89: Substituto na cobertura de Licença Maternidade | C89: =Base!G17 -> 4.2986667e-05 | D89: =ROUND(($D$13)*C89,2) -> 0.32 | E89: (5 dias / 30 dias) x (1 / 12 meses) x 6,24% taxa de fecundidade x 4,96% participação masculina = 0,004%
A90: Subtotal | C90: =SUM(C84:C88) -> 0.032225926 | D90: =SUM(D84:D88) -> 241.69
A91: G | B91: Incidência do Submódulo 2.2 sobre o Submódulo 4.1 | C91: =C90*C40 -> 0.010892363 | D91: =D90*C91 -> 2.6325752
A92: Total | C92: =SUM(C90:C91) -> 0.043118289 | D92: =SUM(D90:D91) -> 244.32258
A94: Quadro-Resumo do Módulo 4 - Custo de Reposição do Profissional Ausente
A96: 4 | B96: Custo de Reposição do Profissional Ausente | C96: Valor (R$)
A97: 4.1 | B97: Substituto nas Ausências Legais | C97: =D92 -> 244.32258
A98: Total | C98: =C97 -> 244.32258
A101: Módulo 5 - Insumos Diversos
A103: 5 | B103: Insumos Diversos | C103: Valor (R$)
A104: A | B104: - | C104: -
A105: Total | C105: =SUM(C104:C104) -> 0
A108: Módulo 6 - Custos Indiretos, Tributos e Lucro
A110: 6 | B110: Custos Indiretos, Tributos e Lucro | C110: Percentual (%) | D110: Valor (R$)
A111: A | B111: Custos Indiretos | C111: =Base!G19 -> 0 | D111: =ROUND(((C128)*C111),2) -> 0
A112: B | B112: Lucro | C112: =Base!G20 -> 0 | D112: =ROUND(((C128+D111)*C112),2) -> 0
A113: C | B113: Tributos | C113: =SUM(C114:C116) -> 0.05 | D113: =ROUND(SUM(D114:D116),2) -> 714.88
B114: C.1. PIS | C114: =Base!G21 -> 0 | D114: =ROUND(C114*((C128+D111+D112)/(1-C133)),2) -> 0
B115: C.2. COFINS | C115: =Base!G22 -> 0 | D115: =ROUND(C115*((C128+D111+D112)/(1-C133)),2) -> 0
B116: C.3. ISS | C116: =Base!G23 -> 0.05 | D116: =ROUND(C116*((C128+D111+D112)/(1-C133)),2) -> 714.88 | K116: =C114+C115 -> 0
A117: Total | D117: =ROUND(SUM(D111:D113),2) -> 714.88
A120: 2. QUADRO-RESUMO DO CUSTO POR EMPREGADO
B122: Mão de obra vinculada à execução contratual (valor por empregado) | C122: Valor (R$)
A123: A | B123: Módulo 1 - Composição da Remuneração | C123: =D13 -> 7500
A124: B | B124: Módulo 2 - Encargos e Benefícios Anuais, Mensais e Diários | C124: =D64 -> 4777.29
A125: C | B125: Módulo 3 - Provisão para Rescisão | C125: =D75 -> 1061.18
A126: D | B126: Módulo 4 - Custo de Reposição do Profissional Ausente | C126: =C98 -> 244.32258
A127: E | B127: Módulo 5 - Insumos Diversos | C127: =C105 -> 0
A128: Subtotal (A + B +C+ D+E) | C128: =ROUND(C123+C124+C125+C126+C127,2) -> 13582.79
A129: F | B129: Módulo 6 – Custos Indiretos, Tributos e Lucro | C129: =D117 -> 714.88
A130: Valor Total por Empregado | C130: =ROUND(C128+C129,2) -> 14297.67
A133: a) Tributos | C133: =C113 -> 0.05
A134: b) Total dos Módulos 1,2,3,4,5+Custos indiretos+lucro) | C134: =D13+D64+D75+C98+C105+D111+D112 -> 13582.793
A135: C)Po/(1-TO)=P1 | C135: =TRUNC(C134/(1-C133),2) -> 14297.67
A136: Valor dos Tributos = P1-Po | C136: =C135-C134 -> 714.87742

Sheet 8
A1: Base
B3: Mão de Obra
B5: Cargo | C5: =Base!B9 -> Analista 4
B6: Salário | C6: =Base!C9 -> 9350
A9: Módulo 1 - Composição da Remuneração
A11: 1 | B11: Composição da Remuneração | C11: Valor (R$) | D11: Valor (R$) | E11: Fundamentação Legal
A12: A | B12: Salário-Base | D12: =C6 -> 9350 | E12: Salário normativo da categoria de acorodo com a CCT
A13: Total | D13: =SUM(D12:D12) -> 9350
A16: Módulo 2 - Encargos e Benefícios Anuais, Mensais e Diários
A19: Submódulo 2.1 - 13º (décimo terceiro) Salário, Férias e Adicional de Férias
A21: 2.2 | B21: 13º (décimo terceiro) Salário, Férias e Adicional de Férias | C21: Percentual (%) | D21: Valor (R$) | E21: Fundamentação Legal
A22: A | B22: 13º (décimo terceiro) Salário | C22: 0.0833 | D22: =ROUND(D13*C22,2) -> 778.86 | E22: Lei 4090/62 Inciso VIII Art. 7 CF 88
A23: B | B23: Férias e Adicional de Férias | C23: 0.1111 | D23: =ROUND(D13*C23,2) -> 1038.79 | E23: Artigo 7, Inciso XVII CF/88 e Súmula 328/TST
A24: SUBTOTAL | C24: =SUM(C22:C23) -> 0.1944 | D24: =SUM(D22:D23) -> 1817.65
A25: C | B25: Incidência do submódulo 2.2 sobre o submódulo 2.1 | C25: =(C24*C40) -> 0.0657072 | D25: =ROUND(D24*C25,2) -> 119.43
A26: Total | C26: =SUM(C24:C25) -> 0.2601072 | D26: =SUM(D24:D25) -> 1937.08
A29: Submódulo 2.2 - Encargos Previdenciários (GPS), Fundo de Garantia por Tempo de Serviço (FGTS) e outras contribuições.
A31: 2.3 | B31: GPS, FGTS e outras contribuições | C31: Percentual (%) | D31: Valor (R$) | E31: Fundamentação Legal
A32: D | B32: INSS | C32: 0.2 | D32: =ROUND(D13*C32,2) -> 1870 | E32: Art. 22, Inciso I, da Lei 8.212/91
A33: E | B33: Salário Educação | C33: 0.025 | D33: =ROUND(D13*C33,2) -> 233.75 | E33: Artigo 3º Inciso I Decreto 87.043/82
A34: F | B34: RAT/FAP | C34: =Base!G2 -> 0 | D34: =ROUND(D13*C34,2) -> 0 | E34: Decreto 6.042/2007, Lei 10.666/2003 (Apresentar memória de cálculo do RAT/FAP)
A35: G | B35: SESC ou SESI | C35: 0.015 | D35: =ROUND(D13*C35,2) -> 140.25 | E35: Artigo 30 da Lei nº 8.036/90
A36: H | B36: SENAI - SENAC | C36: 0.01 | D36: =ROUND(D13*C36,2) -> 93.5 | E36: Decreto-Lei nº 2.318/86
A37: I | B37: SEBRAE | C37: 0.006 | D37: =ROUND(D13*C37,2) -> 56.1 | E37: Lei nº 8.029/90
A38: J | B38: INCRA | C38: 0.002 | D38: =ROUND(D13*C38,2) -> 18.7 | E38: Artigos 1º e 2º do Decreto-Lei nº 1.146/70.
A39: K | B39: FGTS | C39: 0.08 | D39: =ROUND(D13*C39,2) -> 748 | E39: Artigo 15 Lei 8036/90 e Art. 7º Inciso III CF/88
A40: Total | C40: =SUM(C32:C39) -> 0.338 | D40: =SUM(D32:D39) -> 3160.3
A43: Submódulo 2.3 - Benefícios Mensais e Diários.
A45: 2.4 | B45: Benefícios Mensais e Diários | C45: Valor (R$) | D45: Valor Total (R$) | E45: Fundamentação Legal
A46: L | B46: Vale Transporte | C46: =Base!G4 -> 6 | D46: =ROUND((C46*2*22)-(D12*0.06),2) -> -297 | E46: Lei 7.4118 (Considerar 22 dias)
A47: M | B47: Vale Refeição (Desconto) | C47: =Base!G9 -> 0 | D47: =ROUND(((C47+(C47/12))*0.8),2) -> 0 | E47: Cláusula 13a da CCT (no cálculo já foi considerado o valor do vale nas férias)
A48: N | B48: Benefício Social Odontológico | D48: =Base!G6 -> 0 | E48: Cláusula 15a da CCT
A49: O | B49: Benefício Social Familiar | D49: =Base!G7 -> 0 | E49: Cláusula 16a da CCT
A50: P | B50: Fundo de Qualificação Profissional | D50: =Base!G8 -> 0 | E50: Cláusula 23a da CCT
A51: Q | B51: Assistência à Saúde | D51: =Base!G9 -> 0 | E51: Cláusula 15a da CCT
A52: R | B52: Seguro de vida | D52: =Base!G10 -> 0 | E52: Cláusula 6a, Parágrafo 2º da CCT
A53: S | B53: Custos dos exames admssional, períodicos e demissionais | D53: =Base!G11 -> 0
A54: T | B54: Crédito de PIS/COFINS 9,25% (quando existir para lucro real) | C54: =IF(K116+9.25%,-9.25%,0) -> -0.0925 | D54: =ROUND(C54*(D46+D47+D52+D51),2) -> 27.47
A55: Total | D55: =SUM(D46:D54) -> -269.53
A58: Quadro-Resumo do Módulo 2 - Encargos e Benefícios anuais, mensais e diários
A60: 2 | B60: Encargos e Benefícios Anuais, Mensais e Diários | C60: Percentual (%) | D60: Valor (R$)
A61: 2.1 | B61: 13º (décimo terceiro) Salário, Férias e Adicional de Férias | D61: =D26 -> 1937.08
A62: 2.2 | B62: GPS, FGTS e outras contribuições | D62: =D40 -> 3160.3
A63: 2.3 | B63: Benefícios Mensais e Diários | D63: =D55 -> -269.53
A64: Total | D64: =SUM(D61:D63) -> 4827.85
A67: Módulo 3 - Provisão para Rescisão
A69: 3 | B69: Provisão para Rescisão | C69: Percentual (%) | D69: Valor (R$) | E69: Memória de Cálculo
A70: A | B70: Aviso Prévio Indenizado | C70: 0.0833 | D70: =ROUND(C70*$D$13,2) -> 778.86 | E70: 1 (unidade de salário) x (1 (mês não trabalhado) / 12 (meses) x 100% (estatística) = 8,33%
A71: B | B71: Incidência do FGTS sobre o Aviso Prévio Indenizado | C71: 0.08 | D71: =ROUND(D70*C71,2) -> 62.31 | E71: Alíquota FGTS 8%
A72: C | B72: Multa do FGTS e contribuição social sobre o Aviso Prévio Trabalhado e Indenizado | C72: 0.032 | D72: =ROUND(C72*$D$13,2) -> 299.2 | E72: 40 (Multa do FGTS)*8% (Incidência do FGTS) = 3,20%
A73: D | B73: Aviso Prévio Trabalhado | C73: 0.0194 | D73: =ROUND(C73*$D$13,2) -> 181.39 | E73: [(1 (unidade de salário) / 30 (dias do mês)) x 7 (dias da semana)] / 12 (meses do ano) = 1,94%
A74: E | B74: Incidência dos encargos do submódulo 2.2 sobre o Aviso Prévio Trabalhado | C74: =C73*C40 -> 0.0065572 | D74: =ROUND(D73*C74,2) -> 1.19 | E74: Incidência dos encargos sociais sobre o aviso prévio trabalhado
A75: Total | C75: =SUM(C70:C74) -> 0.2212572 | D75: =SUM(D70:D74) -> 1322.95
A78: Módulo 4 - Custo de Reposição do Profissional Ausente
A81: Submódulo 4.1 - Substituto nas Ausências Legais
A83: 4.1 | B83: Substituto nas Ausências Legais | C83: Percentual (%) | D83: Valor (R$) | E83: Memória de Cálculo
A84: A | B84: Substituto na cobertura de Férias | C84: =((1+1/3)/12)/12 -> 0.0092592593 | D84: =ROUND(($D$13)*C84,2) -> 86.57 | E84: ((1 remuneração + 1/3 terço constitucional)/12 rateio prov. p/ 12 meses) / 12 corresponde a 1/12 de férias + 1/3 do substituto=0,93%
A85: B | B85: Substituto na cobertura de Ausências Legais | C85: =Base!G13 -> 0.0028 | D85: =ROUND(($D$13)*C85,2) -> 26.18 | E85: (1 dia / 30 dias) x (1 dia / 12 meses) x 100 = 0,28%
A86: C | B86: Substituto na cobertura de Licença Paternidade | C86: =Base!G14 -> 0.00027777778 | D86: =ROUND(($D$13)*C86,2) -> 2.6 | E86: ((5 dias de ausência/30 impacto sobre o mês)/12 meses do ano)*2% estimativa de ocorrência=0,028%
A87: D | B87: Substituto na cobertura de Ausência por acidente de trabalho | C87: =Base!G15 -> 0.0033333333 | D87: =ROUND(($D$13)*C87,2) -> 31.17 | E87: ((15 dias de ausências INSS /30 mês)/12 meses)*8% (estimativa IBGE) = 0,33%
A88: E | B88: Substituto na cobertura de Ausência por Doença | C88: =Base!G16 -> 0.016555556 | D88: =ROUND(($D$13)*C88,2) -> 154.79 | E88: (5,96 dias/ano IBGE/30 dias) x (1/12 meses) = 1,66%
A89: F | B89: Substituto na cobertura de Licença Maternidade | C89: =Base!G17 -> 4.2986667e-05 | D89: =ROUND(($D$13)*C89,2) -> 0.4 | E89: (5 dias / 30 dias) x (1 / 12 meses) x 6,24% taxa de fecundidade x 4,96% participação masculina = 0,004%
A90: Subtotal | C90: =SUM(C84:C88) -> 0.032225926 | D90: =SUM(D84:D88) -> 301.31
A91: G | B91: Incidência do Submódulo 2.2 sobre o Submódulo 4.1 | C91: =C90*C40 -> 0.010892363 | D91: =D90*C91 -> 3.2819779
A92: Total | C92: =SUM(C90:C91) -> 0.043118289 | D92: =SUM(D90:D91) -> 304.59198
A94: Quadro-Resumo do Módulo 4 - Custo de Reposição do Profissional Ausente
A96: 4 | B96: Custo de Reposição do Profissional Ausente | C96: Valor (R$)
A97: 4.1 | B97: Substituto nas Ausências Legais | C97: =D92 -> 304.59198
A98: Total | C98: =C97 -> 304.59198
A101: Módulo 5 - Insumos Diversos
A103: 5 | B103: Insumos Diversos | C103: Valor (R$)
A104: A | B104: - | C104: -
A105: Total | C105: =SUM(C104:C104) -> 0
A108: Módulo 6 - Custos Indiretos, Tributos e Lucro
A110: 6 | B110: Custos Indiretos, Tributos e Lucro | C110: Percentual (%) | D110: Valor (R$)
A111: A | B111: Custos Indiretos | C111: =Base!G19 -> 0 | D111: =ROUND(((C128)*C111),2) -> 0
A112: B | B112: Lucro | C112: =Base!G20 -> 0 | D112: =ROUND(((C128+D111)*C112),2) -> 0
A113: C | B113: Tributos | C113: =SUM(C114:C116) -> 0.05 | D113: =ROUND(SUM(D114:D116),2) -> 831.86
B114: C.1. PIS | C114: =Base!G21 -> 0 | D114: =ROUND(C114*((C128+D111+D112)/(1-C133)),2) -> 0
B115: C.2. COFINS | C115: =Base!G22 -> 0 | D115: =ROUND(C115*((C128+D111+D112)/(1-C133)),2) -> 0
B116: C.3. ISS | C116: =Base!G23 -> 0.05 | D116: =ROUND(C116*((C128+D111+D112)/(1-C133)),2) -> 831.86 | K116: =C114+C115 -> 0
A117: Total | D117: =ROUND(SUM(D111:D113),2) -> 831.86
A120: 2. QUADRO-RESUMO DO CUSTO POR EMPREGADO
B122: Mão de obra vinculada à execução contratual (valor por empregado) | C122: Valor (R$)
A123: A | B123: Módulo 1 - Composição da Remuneração | C123: =D13 -> 9350
A124: B | B124: Módulo 2 - Encargos e Benefícios Anuais, Mensais e Diários | C124: =D64 -> 4827.85
A125: C | B125: Módulo 3 - Provisão para Rescisão | C125: =D75 -> 1322.95
A126: D | B126: Módulo 4 - Custo de Reposição do Profissional Ausente | C126: =C98 -> 304.59198
A127: E | B127: Módulo 5 - Insumos Diversos | C127: =C105 -> 0
A128: Subtotal (A + B +C+ D+E) | C128: =ROUND(C123+C124+C125+C126+C127,2) -> 15805.39
A129: F | B129: Módulo 6 – Custos Indiretos, Tributos e Lucro | C129: =D117 -> 831.86
A130: Valor Total por Empregado | C130: =ROUND(C128+C129,2) -> 16637.25
A133: a) Tributos | C133: =C113 -> 0.05
A134: b) Total dos Módulos 1,2,3,4,5+Custos indiretos+lucro) | C134: =D13+D64+D75+C98+C105+D111+D112 -> 15805.392
A135: C)Po/(1-TO)=P1 | C135: =TRUNC(C134/(1-C133),2) -> 16637.25
A136: Valor dos Tributos = P1-Po | C136: =C135-C134 -> 831.85802

Sheet 9
B3: Mão de Obra
B5: Cargo | C5: =Base!B10 -> Motorista
B6: Salário | C6: =Base!C10 -> 4350
A9: Módulo 1 - Composição da Remuneração
A11: 1 | B11: Composição da Remuneração | C11: Valor (R$) | D11: Valor (R$) | E11: Fundamentação Legal
A12: A | B12: Salário-Base | D12: =C6 -> 4350 | E12: Salário normativo da categoria de acorodo com a CCT
A13: Total | D13: =SUM(D12:D12) -> 4350
A16: Módulo 2 - Encargos e Benefícios Anuais, Mensais e Diários
A19: Submódulo 2.1 - 13º (décimo terceiro) Salário, Férias e Adicional de Férias
A21: 2.2 | B21: 13º (décimo terceiro) Salário, Férias e Adicional de Férias | C21: Percentual (%) | D21: Valor (R$) | E21: Fundamentação Legal
A22: A | B22: 13º (décimo terceiro) Salário | C22: 0.0833 | D22: =ROUND(D13*C22,2) -> 362.36 | E22: Lei 4090/62 Inciso VIII Art. 7 CF 88
A23: B | B23: Férias e Adicional de Férias | C23: 0.1111 | D23: =ROUND(D13*C23,2) -> 483.29 | E23: Artigo 7, Inciso XVII CF/88 e Súmula 328/TST
A24: SUBTOTAL | C24: =SUM(C22:C23) -> 0.1944 | D24: =SUM(D22:D23) -> 845.65
A25: C | B25: Incidência do submódulo 2.2 sobre o submódulo 2.1 | C25: =(C24*C40) -> 0.0657072 | D25: =ROUND(D24*C25,2) -> 55.57
A26: Total | C26: =SUM(C24:C25) -> 0.2601072 | D26: =SUM(D24:D25) -> 901.22
A29: Submódulo 2.2 - Encargos Previdenciários (GPS), Fundo de Garantia por Tempo de Serviço (FGTS) e outras contribuições.
A31: 2.3 | B31: GPS, FGTS e outras contribuições | C31: Percentual (%) | D31: Valor (R$) | E31: Fundamentação Legal
A32: D | B32: INSS | C32: 0.2 | D32: =ROUND(D13*C32,2) -> 870 | E32: Art. 22, Inciso I, da Lei 8.212/91
A33: E | B33: Salário Educação | C33: 0.025 | D33: =ROUND(D13*C33,2) -> 108.75 | E33: Artigo 3º Inciso I Decreto 87.043/82
A34: F | B34: RAT/FAP | C34: =Base!G2 -> 0 | D34: =ROUND(D13*C34,2) -> 0 | E34: Decreto 6.042/2007, Lei 10.666/2003 (Apresentar memória de cálculo do RAT/FAP)
A35: G | B35: SESC ou SESI | C35: 0.015 | D35: =ROUND(D13*C35,2) -> 65.25 | E35: Artigo 30 da Lei nº 8.036/90
A36: H | B36: SENAI - SENAC | C36: 0.01 | D36: =ROUND(D13*C36,2) -> 43.5 | E36: Decreto-Lei nº 2.318/86
A37: I | B37: SEBRAE | C37: 0.006 | D37: =ROUND(D13*C37,2) -> 26.1 | E37: Lei nº 8.029/90
A38: J | B38: INCRA | C38: 0.002 | D38: =ROUND(D13*C38,2) -> 8.7 | E38: Artigos 1º e 2º do Decreto-Lei nº 1.146/70.
A39: K | B39: FGTS | C39: 0.08 | D39: =ROUND(D13*C39,2) -> 348 | E39: Artigo 15 Lei 8036/90 e Art. 7º Inciso III CF/88
A40: Total | C40: =SUM(C32:C39) -> 0.338 | D40: =SUM(D32:D39) -> 1470.3
A43: Submódulo 2.3 - Benefícios Mensais e Diários.
A45: 2.4 | B45: Benefícios Mensais e Diários | C45: Valor (R$) | D45: Valor Total (R$) | E45: Fundamentação Legal
A46: L | B46: Vale Transporte | C46: =Base!G4 -> 6 | D46: =ROUND((C46*2*22)-(D12*0.06),2) -> 3 | E46: Lei 7.4118 (Considerar 22 dias)
A47: M | B47: Vale Refeição (Desconto) | C47: =Base!G5 -> 1090 | D47: =ROUND(((C47+(C47/12))*0.8),2) -> 944.67 | E47: Cláusula 13a da CCT (no cálculo já foi considerado o valor do vale nas férias)
A48: N | B48: Benefício Social Odontológico | D48: =Base!G6 -> 0 | E48: Cláusula 15a da CCT
A49: O | B49: Benefício Social Familiar | D49: =Base!G7 -> 0 | E49: Cláusula 16a da CCT
A50: P | B50: Fundo de Qualificação Profissional | D50: =Base!G8 -> 0 | E50: Cláusula 23a da CCT
A51: Q | B51: Assistência à Saúde | D51: =Base!G9 -> 0 | E51: Cláusula 15a da CCT
A52: R | B52: Seguro de vida | D52: =Base!G10 -> 0 | E52: Cláusula 6a, Parágrafo 2º da CCT
A53: S | B53: Custos dos exames admssional, períodicos e demissionais | D53: =Base!G11 -> 0
A54: T | B54: Crédito de PIS/COFINS 9,25% (quando existir para lucro real) | C54: =IF(K116+9.25%,-9.25%,0) -> -0.0925 | D54: =ROUND(C54*(D46+D47+D52+D51),2) -> -87.66
A55: Total | D55: =SUM(D46:D54) -> 860.01
A58: Quadro-Resumo do Módulo 2 - Encargos e Benefícios anuais, mensais e diários
A60: 2 | B60: Encargos e Benefícios Anuais, Mensais e Diários | C60: Percentual (%) | D60: Valor (R$)
A61: 2.1 | B61: 13º (décimo terceiro) Salário, Férias e Adicional de Férias | D61: =D26 -> 901.22
A62: 2.2 | B62: GPS, FGTS e outras contribuições | D62: =D40 -> 1470.3
A63: 2.3 | B63: Benefícios Mensais e Diários | D63: =D55 -> 860.01
A64: Total | D64: =SUM(D61:D63) -> 3231.53
A67: Módulo 3 - Provisão para Rescisão
A69: 3 | B69: Provisão para Rescisão | C69: Percentual (%) | D69: Valor (R$) | E69: Memória de Cálculo
A70: A | B70: Aviso Prévio Indenizado | C70: 0.0833 | D70: =ROUND(C70*$D$13,2) -> 362.36 | E70: 1 (unidade de salário) x (1 (mês não trabalhado) / 12 (meses) x 100% (estatística) = 8,33%
A71: B | B71: Incidência do FGTS sobre o Aviso Prévio Indenizado | C71: 0.08 | D71: =ROUND(D70*C71,2) -> 28.99 | E71: Alíquota FGTS 8%
A72: C | B72: Multa do FGTS e contribuição social sobre o Aviso Prévio Trabalhado e Indenizado | C72: 0.032 | D72: =ROUND(C72*$D$13,2) -> 139.2 | E72: 40 (Multa do FGTS)*8% (Incidência do FGTS) = 3,20%
A73: D | B73: Aviso Prévio Trabalhado | C73: 0.0194 | D73: =ROUND(C73*$D$13,2) -> 84.39 | E73: [(1 (unidade de salário) / 30 (dias do mês)) x 7 (dias da semana)] / 12 (meses do ano) = 1,94%
A74: E | B74: Incidência dos encargos do submódulo 2.2 sobre o Aviso Prévio Trabalhado | C74: =C73*C40 -> 0.0065572 | D74: =ROUND(D73*C74,2) -> 0.55 | E74: Incidência dos encargos sociais sobre o aviso prévio trabalhado
A75: Total | C75: =SUM(C70:C74) -> 0.2212572 | D75: =SUM(D70:D74) -> 615.49
A78: Módulo 4 - Custo de Reposição do Profissional Ausente
A81: Submódulo 4.1 - Substituto nas Ausências Legais
A83: 4.1 | B83: Substituto nas Ausências Legais | C83: Percentual (%) | D83: Valor (R$) | E83: Memória de Cálculo
A84: A | B84: Substituto na cobertura de Férias | C84: =((1+1/3)/12)/12 -> 0.0092592593 | D84: =ROUND(($D$13)*C84,2) -> 40.28 | E84: ((1 remuneração + 1/3 terço constitucional)/12 rateio prov. p/ 12 meses) / 12 corresponde a 1/12 de férias + 1/3 do substituto=0,93%
A85: B | B85: Substituto na cobertura de Ausências Legais | C85: =Base!G13 -> 0.0028 | D85: =ROUND(($D$13)*C85,2) -> 12.18 | E85: (1 dia / 30 dias) x (1 dia / 12 meses) x 100 = 0,28%
A86: C | B86: Substituto na cobertura de Licença Paternidade | C86: =Base!G14 -> 0.00027777778 | D86: =ROUND(($D$13)*C86,2) -> 1.21 | E86: ((5 dias de ausência/30 impacto sobre o mês)/12 meses do ano)*2% estimativa de ocorrência=0,028%
A87: D | B87: Substituto na cobertura de Ausência por acidente de trabalho | C87: =Base!G15 -> 0.0033333333 | D87: =ROUND(($D$13)*C87,2) -> 14.5 | E87: ((15 dias de ausências INSS /30 mês)/12 meses)*8% (estimativa IBGE) = 0,33%
A88: E | B88: Substituto na cobertura de Ausência por Doença | C88: =Base!G16 -> 0.016555556 | D88: =ROUND(($D$13)*C88,2) -> 72.02 | E88: (5,96 dias/ano IBGE/30 dias) x (1/12 meses) = 1,66%
A89: F | B89: Substituto na cobertura de Licença Maternidade | C89: =Base!G17 -> 4.2986667e-05 | D89: =ROUND(($D$13)*C89,2) -> 0.19 | E89: (5 dias / 30 dias) x (1 / 12 meses) x 6,24% taxa de fecundidade x 4,96% participação masculina = 0,004%
A90: Subtotal | C90: =SUM(C84:C88) -> 0.032225926 | D90: =SUM(D84:D88) -> 140.19
A91: G | B91: Incidência do Submódulo 2.2 sobre o Submódulo 4.1 | C91: =C90*C40 -> 0.010892363 | D91: =D90*C91 -> 1.5270004
A92: Total | C92: =SUM(C90:C91) -> 0.043118289 | D92: =SUM(D90:D91) -> 141.717
A94: Quadro-Resumo do Módulo 4 - Custo de Reposição do Profissional Ausente
A96: 4 | B96: Custo de Reposição do Profissional Ausente | C96: Valor (R$)
A97: 4.1 | B97: Substituto nas Ausências Legais | C97: =D92 -> 141.717
A98: Total | C98: =C97 -> 141.717
A101: Módulo 5 - Insumos Diversos
A103: 5 | B103: Insumos Diversos | C103: Valor (R$)
A104: A | B104: - | C104: -
A105: Total | C105: =SUM(C104:C104) -> 0
A108: Módulo 6 - Custos Indiretos, Tributos e Lucro
A110: 6 | B110: Custos Indiretos, Tributos e Lucro | C110: Percentual (%) | D110: Valor (R$)
A111: A | B111: Custos Indiretos | C111: =Base!G19 -> 0 | D111: =ROUND(((C128)*C111),2) -> 0
A112: B | B112: Lucro | C112: =Base!G20 -> 0 | D112: =ROUND(((C128+D111)*C112),2) -> 0
A113: C | B113: Tributos | C113: =SUM(C114:C116) -> 0.05 | D113: =ROUND(SUM(D114:D116),2) -> 438.88
B114: C.1. PIS | C114: =Base!G21 -> 0 | D114: =ROUND(C114*((C128+D111+D112)/(1-C133)),2) -> 0
B115: C.2. COFINS | C115: =Base!G22 -> 0 | D115: =ROUND(C115*((C128+D111+D112)/(1-C133)),2) -> 0
B116: C.3. ISS | C116: =Base!G23 -> 0.05 | D116: =ROUND(C116*((C128+D111+D112)/(1-C133)),2) -> 438.88 | K116: =C114+C115 -> 0
A117: Total | D117: =ROUND(SUM(D111:D113),2) -> 438.88
A120: 2. QUADRO-RESUMO DO CUSTO POR EMPREGADO
B122: Mão de obra vinculada à execução contratual (valor por empregado) | C122: Valor (R$)
A123: A | B123: Módulo 1 - Composição da Remuneração | C123: =D13 -> 4350
A124: B | B124: Módulo 2 - Encargos e Benefícios Anuais, Mensais e Diários | C124: =D64 -> 3231.53
A125: C | B125: Módulo 3 - Provisão para Rescisão | C125: =D75 -> 615.49
A126: D | B126: Módulo 4 - Custo de Reposição do Profissional Ausente | C126: =C98 -> 141.717
A127: E | B127: Módulo 5 - Insumos Diversos | C127: =C105 -> 0
A128: Subtotal (A + B +C+ D+E) | C128: =ROUND(C123+C124+C125+C126+C127,2) -> 8338.74
A129: F | B129: Módulo 6 – Custos Indiretos, Tributos e Lucro | C129: =D117 -> 438.88
A130: Valor Total por Empregado | C130: =ROUND(C128+C129,2) -> 8777.62
A133: a) Tributos | C133: =C113 -> 0.05
A134: b) Total dos Módulos 1,2,3,4,5+Custos indiretos+lucro) | C134: =D13+D64+D75+C98+C105+D111+D112 -> 8338.737
A135: C)Po/(1-TO)=P1 | C135: =TRUNC(C134/(1-C133),2) -> 8777.61
A136: Valor dos Tributos = P1-Po | C136: =C135-C134 -> 438.873
